Workbook
Name F_10: #REF!
Name F_105: #REF!
Name F_107: #REF!
Name F_11: #REF!
Name F_112: #REF!
Name F_113: #REF!
Name F_117: #REF!
Name F_12: #REF!
Name F_120: #REF!
Name F_122: #REF!
Name F_127: #REF!
Name F_13: #REF!
Name F_14: #REF!
Name F_140: #REF!
Name F_15: #REF!
Name F_150: #REF!
Name F_16: #REF!
Name F_160: #REF!
Name F_17: #REF!
Name F_185: #REF!
Name F_2: #REF!
Name F_205: #REF!
Name F_215: #REF!
Name F_245: #REF!
Name F_250: #REF!
Name F_255: #REF!
Name F_260: #REF!
Name F_270: #REF!
Name F_285: #REF!
Name F_29: #REF!
Name F_290: #REF!
Name F_295: #REF!
Name F_3: #REF!
Name F_30: #REF!
Name F_31: #REF!
Name F_320: #REF!
Name F_33: #REF!
Name F_34: #REF!
Name F_345: #REF!
Name F_35: #REF!
Name F_350: #REF!
Name F_360: #REF!
Name F_37: #REF!
Name F_380: #REF!
Name F_390: #REF!
Name F_395: #REF!
Name F_397: #REF!
Name F_400: #REF!
Name F_405: #REF!
Name F_410: #REF!
Name F_42: #REF!
Name F_420: #REF!
Name F_428: #REF!
Name F_435: #REF!
Name F_440: #REF!
Name F_445: #REF!
Name F_45: #REF!
Name F_450: #REF!
Name F_452: #REF!
Name F_460: #REF!

Sheet Identificação
A1: IDENTIFICAÇÃO
A2: Modalidade* | B2: Concorrência Lei 14.133/21 Eletrônica | D2: N° * | F2: Ano * | G2: 2026
A3: Descrição do Objeto | B3: Construção de Praça Infantil no Parque Centenário
A4: Órgão | B4: Prefeitura de Montenegro | F4: CNPJ *
A5: Tipo de Objeto* | B5: Obras e Serviços de Engenharia | C5: N° CENTRAL DE COMPRAS
A6: Preço Total Estimado | B6: ='Orçamento-base'!C6 -> 755521.03
A7: Preço Total Proposto | B7: =Proposta!C6 -> 0
A8: Qtd. Itens Orçamento | B8: =COUNT('Orçamento-base'!B12:B39894) -> 50
A9: Atenção! Para incluir mais de 50 lotes, selecione as células A62 a G62 e arraste as fórmulas para baixo, de acordo com o número de lotes necessário.
A10: *Campos de preenchimento obrigatório | C10: **Campos de preenchimento obrigatório para licitação composta por lotes
A11: Nº do lote** | B11: Descrição do Lote** | C11: Estimativa | G11: Proposta
C12: Valor do lote (R$) | G12: Valor do lote (R$)
A13: 1 | B13: Construção de Praça Infantil no Parque Centenário | C13: =SUMIF('Orçamento-base'!$A$12:$A$39896,Identificação!$A13,'Orçamento-base'!$K$12:$K$39896) -> 755521.03 | G13: =SUMIF(Proposta!$A$12:$A$39877,Identificação!$A13,Proposta!$H$12:$H$39877) -> 0
C14: =SUMIF('Orçamento-base'!$A$12:$A$39896,Identificação!$A14,'Orçamento-base'!$K$12:$K$39896) -> 0 | G14: =SUMIF(Proposta!$A$12:$A$39877,Identificação!$A14,Proposta!$H$12:$H$39877) -> 0
C15: =SUMIF('Orçamento-base'!$A$12:$A$39896,Identificação!$A15,'Orçamento-base'!$K$12:$K$39896) -> 0 | G15: =SUMIF(Proposta!$A$12:$A$39877,Identificação!$A15,Proposta!$H$12:$H$39877) -> 0
C16: =SUMIF('Orçamento-base'!$A$12:$A$39896,Identificação!$A16,'Orçamento-base'!$K$12:$K$39896) -> 0 | G16: =SUMIF(Proposta!$A$12:$A$39877,Identificação!$A16,Proposta!$H$12:$H$39877) -> 0
C17: =SUMIF('Orçamento-base'!$A$12:$A$39896,Identificação!$A17,'Orçamento-base'!$K$12:$K$39896) -> 0 | G17: =SUMIF(Proposta!$A$12:$A$39877,Identificação!$A17,Proposta!$H$12:$H$39877) -> 0
C18: =SUMIF('Orçamento-base'!$A$12:$A$39896,Identificação!$A18,'Orçamento-base'!$K$12:$K$39896) -> 0 | G18: =SUMIF(Proposta!$A$12:$A$39877,Identificação!$A18,Proposta!$H$12:$H$39877) -> 0
C19: =SUMIF('Orçamento-base'!$A$12:$A$39896,Identificação!$A19,'Orçamento-base'!$K$12:$K$39896) -> 0 | G19: =SUMIF(Proposta!$A$12:$A$39877,Identificação!$A19,Proposta!$H$12:$H$39877) -> 0
C20: =SUMIF('Orçamento-base'!$A$12:$A$39896,Identificação!$A20,'Orçamento-base'!$K$12:$K$39896) -> 0 | G20: =SUMIF(Proposta!$A$12:$A$39877,Identificação!$A20,Proposta!$H$12:$H$39877) -> 0
C21: =SUMIF('Orçamento-base'!$A$12:$A$39896,Identificação!$A21,'Orçamento-base'!$K$12:$K$39896) -> 0 | G21: =SUMIF(Proposta!$A$12:$A$39877,Identificação!$A21,Proposta!$H$12:$H$39877) -> 0
C22: =SUMIF('Orçamento-base'!$A$12:$A$39896,Identificação!$A22,'Orçamento-base'!$K$12:$K$39896) -> 0 | G22: =SUMIF(Proposta!$A$12:$A$39877,Identificação!$A22,Proposta!$H$12:$H$39877) -> 0
C23: =SUMIF('Orçamento-base'!$A$12:$A$39896,Identificação!$A23,'Orçamento-base'!$K$12:$K$39896) -> 0 | G23: =SUMIF(Proposta!$A$12:$A$39877,Identificação!$A23,Proposta!$H$12:$H$39877) -> 0
C24: =SUMIF('Orçamento-base'!$A$12:$A$39896,Identificação!$A24,'Orçamento-base'!$K$12:$K$39896) -> 0 | G24: =SUMIF(Proposta!$A$12:$A$39877,Identificação!$A24,Proposta!$H$12:$H$39877) -> 0
C25: =SUMIF('Orçamento-base'!$A$12:$A$39896,Identificação!$A25,'Orçamento-base'!$K$12:$K$39896) -> 0 | G25: =SUMIF(Proposta!$A$12:$A$39877,Identificação!$A25,Proposta!$H$12:$H$39877) -> 0
... C62: =SUMIF('Orçamento-base'!$A$12:$A$39896,Identificação!$A62,'Orçamento-base'!$K$12:$K$39896) -> 0 | G62: =SUMIF(Proposta!$A$12:$A$39877,Identificação!$A62,Proposta!$H$12:$H$39877) -> 0

Sheet Orçamento-base
A1: ORÇAMENTO
A2: Modalidade | C2: =IF(Identificação!B2=0,"",Identificação!B2) -> Concorrência Lei 14.133/21 Eletrônica | H2: N° | I2: =IF(Identificação!E2=0,"",Identificação!E2) | J2: Ano | K2: =IF(Identificação!G2=0,"",Identificação!G2) -> 2026
A3: Descrição do Objeto | C3: =IF(Identificação!B3=0,"",Identificação!B3) -> Construção de Praça Infantil no Parque Centenário
A4: Órgão | C4: =IF(Identificação!B4=0,"",Identificação!B4) -> Prefeitura de Montenegro | J4: CNPJ | K4: =IF(Identificação!G4=0,"",Identificação!G4)
A5: Tipo de Objeto | C5: =IF(Identificação!B5=0,"",Identificação!B5) -> Obras e Serviços de Engenharia
A6: Preço T. Estimado | C6: =SUMIFS(K12:K39896,B12:B39896,">0",K12:K39896,"<>0") -> 755521.03
A8: Atenção! Para incluir mais de 100 linhas de itens, selecione as células A113 a R113 e arraste as fórmulas para baixo, de acordo com o número de itens necessário.
A9: *Preenchimento obrigatório | F9: **Obrigatório só para Obras e Serviços de Engenharia | H9: ***Obrigatório só para licitação composta por Lotes
A10: Nº do Lote*** | B10: N° Ordem | C10: Nº Item* | D10: Fonte de Referência** | E10: Código de Referência** | F10: Data de Referência** | G10: Descrição do item* | H10: Estimativa | N10: Família | P10: Subfamília | R10: Tipo de Orçamento | S10: Pr. Unit. Material | T10: Pr. Unit. Mão de obra
H11: Qtd.* | I11: Unid.* | J11: Preço unitário (R$)* | K11: Preço Total (R$) | L11: % BDI** | M11: % Encargos Sociais** | N11: Código | O11: Descrição | P11: Código | Q11: Descrição
A12: 1 | B12: =IF(AND(G12<>"",H12>0,I12<>"",J12<>0,K12<>0),COUNT($B$11:B11)+1,"") | C12: 1 | G12: Serviços preliminares | J12: =IFERROR(IF(S12+T12<>0,ROUND(ROUND(S12,4)+ROUND(T12,4),4),""),"") | K12: =IFERROR(IF(H12*J12<>0,ROUND(ROUND(H12,4)*ROUND(J12,4),2),""),"") | O12: =IF(N12="","", INDIRECT("base!"&ADDRESS(MATCH(N12,#REF!:#REF!,0)+1,4,4))) | Q12: =IF(P12="","", INDIRECT("base!"&ADDRESS(MATCH(CONCATENATE(N12,"|",P12),#REF!:#REF!,0)+1,6,4)))
A13: 1 | B13: =IF(AND(G13<>"",H13>0,I13<>"",J13<>0,K13<>0),COUNT($B$11:B12)+1,"") -> 1 | C13: 1.1 | D13: SINAPI | E13: 103689 | F13: 46113 | G13: FORNECIMENTO E INSTALAÇÃO DE PLACA DE OBRA COM CHAPA GALVANIZADA E ESTRUTURA DE MADEIRA. AF_03/2022_PS | H13: 2.5 | I13: m² | J13: =IFERROR(IF(S13+T13<>0,ROUND(ROUND(S13,4)+ROUND(T13,4),4),""),"") -> 614.5 | K13: =IFERROR(IF(H13*J13<>0,ROUND(ROUND(H13,4)*ROUND(J13,4),2),""),"") -> 1536.25 | L13: 0.2486 | M13: 0.9612 | O13: =IF(N13="","", INDIRECT("base!"&ADDRESS(MATCH(N13,#REF!:#REF!,0)+1,4,4))) | Q13: =IF(P13="","", INDIRECT("base!"&ADDRESS(MATCH(CONCATENATE(N13,"|",P13),#REF!:#REF!,0)+1,6,4))) | S13: =TRUNC(U13+(U13*L13),2) -> 574.96 | T13: =TRUNC(V13+(V13*L13),2) -> 39.54 | U13: 460.49 | V13: 31.67
A14: 1 | B14: =IF(AND(G14<>"",H14>0,I14<>"",J14<>0,K14<>0),COUNT($B$11:B13)+1,"") -> 2 | C14: 1.2 | D14: SINAPI | E14: 90768 | F14: 46113 | G14: ARQUITETO DE OBRA JUNIOR COM ENCARGOS COMPLEMENTARES | H14: 24 | I14: H | J14: =IFERROR(IF(S14+T14<>0,ROUND(ROUND(S14,4)+ROUND(T14,4),4),""),"") -> 157.15 | K14: =IFERROR(IF(H14*J14<>0,ROUND(ROUND(H14,4)*ROUND(J14,4),2),""),"") -> 3771.6 | L14: 0.2486 | M14: 0.9612 | O14: =IF(N14="","", INDIRECT("base!"&ADDRESS(MATCH(N14,#REF!:#REF!,0)+1,4,4))) | Q14: =IF(P14="","", INDIRECT("base!"&ADDRESS(MATCH(CONCATENATE(N14,"|",P14),#REF!:#REF!,0)+1,6,4))) | S14: =TRUNC(U14+(U14*L14),2) -> 5.39 | T14: =TRUNC(V14+(V14*L14),2) -> 151.76 | U14: 4.32 | V14: 121.55
A15: 1 | B15: =IF(AND(G15<>"",H15>0,I15<>"",J15<>0,K15<>0),COUNT($B$11:B14)+1,"") -> 3 | C15: 1.3 | D15: SINAPI | E15: 90781 | F15: 46113 | G15: TOPOGRAFO COM ENCARGOS COMPLEMENTARES | H15: 16 | I15: H | J15: =IFERROR(IF(S15+T15<>0,ROUND(ROUND(S15,4)+ROUND(T15,4),4),""),"") -> 55.71 | K15: =IFERROR(IF(H15*J15<>0,ROUND(ROUND(H15,4)*ROUND(J15,4),2),""),"") -> 891.36 | L15: 0.2486 | M15: 0.9612 | O15: =IF(N15="","", INDIRECT("base!"&ADDRESS(MATCH(N15,#REF!:#REF!,0)+1,4,4))) | Q15: =IF(P15="","", INDIRECT("base!"&ADDRESS(MATCH(CONCATENATE(N15,"|",P15),#REF!:#REF!,0)+1,6,4))) | S15: =TRUNC(U15+(U15*L15),2) -> 6.5 | T15: =TRUNC(V15+(V15*L15),2) -> 49.21 | U15: 5.21 | V15: 39.42
A16: 1 | B16: =IF(AND(G16<>"",H16>0,I16<>"",J16<>0,K16<>0),COUNT($B$11:B15)+1,"") -> 4 | C16: 1.4 | D16: SINAPI | E16: 100575 | F16: 46113 | G16: REGULARIZAÇÃO DE SUPERFÍCIES COM MOTONIVELADORA. AF_09/2024 | H16: 1410.2 | I16: m² | J16: =IFERROR(IF(S16+T16<>0,ROUND(ROUND(S16,4)+ROUND(T16,4),4),""),"") -> 0.73 | K16: =IFERROR(IF(H16*J16<>0,ROUND(ROUND(H16,4)*ROUND(J16,4),2),""),"") -> 1029.45 | L16: 0.2486 | M16: 0.9612 | O16: =IF(N16="","", INDIRECT("base!"&ADDRESS(MATCH(N16,#REF!:#REF!,0)+1,4,4))) | Q16: =IF(P16="","", INDIRECT("base!"&ADDRESS(MATCH(CONCATENATE(N16,"|",P16),#REF!:#REF!,0)+1,6,4))) | S16: =TRUNC(U16+(U16*L16),2) -> 0.49 | T16: =TRUNC(V16+(V16*L16),2) -> 0.24 | U16: 0.4 | V16: 0.2
A17: 1 | B17: =IF(AND(G17<>"",H17>0,I17<>"",J17<>0,K17<>0),COUNT($B$11:B16)+1,"") -> 5 | C17: 1.5 | D17: SINAPI | E17: 6077 | F17: 46113 | G17: ARGILA OU BARRO PARA ATERRO/REATERRO (RETIRADO NA JAZIDA, SEM TRANSPORTE) | H17: 117.14724 | I17: m³ | J17: =IFERROR(IF(S17+T17<>0,ROUND(ROUND(S17,4)+ROUND(T17,4),4),""),"") -> 51.2 | K17: =IFERROR(IF(H17*J17<>0,ROUND(ROUND(H17,4)*ROUND(J17,4),2),""),"") -> 5997.94 | L17: 0.2486 | M17: 0.9612 | O17: =IF(N17="","", INDIRECT("base!"&ADDRESS(MATCH(N17,#REF!:#REF!,0)+1,4,4))) | Q17: =IF(P17="","", INDIRECT("base!"&ADDRESS(MATCH(CONCATENATE(N17,"|",P17),#REF!:#REF!,0)+1,6,4))) | S17: =TRUNC(U17+(U17*L17),2) -> 51.2 | T17: =TRUNC(V17+(V17*L17),2) -> 0 | U17: 41.01 | V17: 0
A18: 1 | B18: =IF(AND(G18<>"",H18>0,I18<>"",J18<>0,K18<>0),COUNT($B$11:B17)+1,"") -> 6 | C18: 1.6 | D18: SINAPI | E18: 105730 | F18: 46113 | G18: CONSTRUÇÃO DE BASE E SUB-BASE PARA PAVIMENTAÇÃO DE BRITA GRADUADA SIMPLES - EXCLUSIVE CARGA E TRANSPORTE. AF_09/2024 | H18: 9.477 | I18: m³ | J18: =IFERROR(IF(S18+T18<>0,ROUND(ROUND(S18,4)+ROUND(T18,4),4),""),"") -> 216.34 | K18: =IFERROR(IF(H18*J18<>0,ROUND(ROUND(H18,4)*ROUND(J18,4),2),""),"") -> 2050.25 | L18: 0.2486 | M18: 0.9612 | O18: =IF(N18="","", INDIRECT("base!"&ADDRESS(MATCH(N18,#REF!:#REF!,0)+1,4,4))) | Q18: =IF(P18="","", INDIRECT("base!"&ADDRESS(MATCH(CONCATENATE(N18,"|",P18),#REF!:#REF!,0)+1,6,4))) | S18: =TRUNC(U18+(U18*L18),2) -> 207.75 | T18: =TRUNC(V18+(V18*L18),2) -> 8.59 | U18: 166.39 | V18: 6.88
A19: 1 | B19: =IF(AND(G19<>"",H19>0,I19<>"",J19<>0,K19<>0),COUNT($B$11:B18)+1,"") -> 7 | C19: 1.7 | D19: SINAPI | E19: 97914 | F19: 46113 | G19: TRANSPORTE COM CAMINHÃO BASCULANTE DE 6 M³, EM VIA URBANA PAVIMENTADA, DMT ATÉ 30 KM (UNIDADE: M3XKM). AF_02/2026 - BRITA E ATERRO | H19: 1556.304 | I19: M3XKM | J19: =IFERROR(IF(S19+T19<>0,ROUND(ROUND(S19,4)+ROUND(T19,4),4),""),"") -> 4.27 | K19: =IFERROR(IF(H19*J19<>0,ROUND(ROUND(H19,4)*ROUND(J19,4),2),""),"") -> 6645.42 | L19: 0.2486 | M19: 0.9612 | O19: =IF(N19="","", INDIRECT("base!"&ADDRESS(MATCH(N19,#REF!:#REF!,0)+1,4,4))) | Q19: =IF(P19="","", INDIRECT("base!"&ADDRESS(MATCH(CONCATENATE(N19,"|",P19),#REF!:#REF!,0)+1,6,4))) | S19: =TRUNC(U19+(U19*L19),2) -> 3.75 | T19: =TRUNC(V19+(V19*L19),2) -> 0.52 | U19: 3.01 | V19: 0.42
A20: 1 | B20: =IF(AND(G20<>"",H20>0,I20<>"",J20<>0,K20<>0),COUNT($B$11:B19)+1,"") -> 8 | C20: 1.8 | D20: SICRO3 | E20: E9666 | F20: 46113 | G20: Mobilização e desmobilização de equipamentos - Cavalo mecânico com semirreboque com capacidade de 32 t - 302 kW | H20: 2 | I20: H | J20: =IFERROR(IF(S20+T20<>0,ROUND(ROUND(S20,4)+ROUND(T20,4),4),""),"") -> 582.24 | K20: =IFERROR(IF(H20*J20<>0,ROUND(ROUND(H20,4)*ROUND(J20,4),2),""),"") -> 1164.48 | L20: 0.2486 | M20: 0.9612 | O20: =IF(N20="","", INDIRECT("base!"&ADDRESS(MATCH(N20,#REF!:#REF!,0)+1,4,4))) | Q20: =IF(P20="","", INDIRECT("base!"&ADDRESS(MATCH(CONCATENATE(N20,"|",P20),#REF!:#REF!,0)+1,6,4))) | S20: =TRUNC(U20+(U20*L20),2) -> 582.24 | T20: =TRUNC(V20+(V20*L20),2) -> 0 | U20: 466.32 | V20: 0
A21: 1 | B21: =IF(AND(G21<>"",H21>0,I21<>"",J21<>0,K21<>0),COUNT($B$11:B20)+1,"") -> 9 | C21: 1.9 | D21: Próprio | E21: PRÓPRIA A | F21: 46113 | G21: ISOLAMENTO DE OBRA COM TELA PLÁSTICA | H21: 137.5 | I21: M | J21: =IFERROR(IF(S21+T21<>0,ROUND(ROUND(S21,4)+ROUND(T21,4),4),""),"") -> 15.42 | K21: =IFERROR(IF(H21*J21<>0,ROUND(ROUND(H21,4)*ROUND(J21,4),2),""),"") -> 2120.25 | L21: 0.2486 | M21: 0.9612 | O21: =IF(N21="","", INDIRECT("base!"&ADDRESS(MATCH(N21,#REF!:#REF!,0)+1,4,4))) | Q21: =IF(P21="","", INDIRECT("base!"&ADDRESS(MATCH(CONCATENATE(N21,"|",P21),#REF!:#REF!,0)+1,6,4))) | S21: =TRUNC(U21+(U21*L21),2) -> 13.74 | T21: =TRUNC(V21+(V21*L21),2) -> 1.68 | U21: 11.01 | V21: 1.35
A22: 1 | B22: =IF(AND(G22<>"",H22>0,I22<>"",J22<>0,K22<>0),COUNT($B$11:B21)+1,"") | C22: 2 | G22: Drenagem | J22: =IFERROR(IF(S22+T22<>0,ROUND(ROUND(S22,4)+ROUND(T22,4),4),""),"") | K22: =IFERROR(IF(H22*J22<>0,ROUND(ROUND(H22,4)*ROUND(J22,4),2),""),"") | O22: =IF(N22="","", INDIRECT("base!"&ADDRESS(MATCH(N22,#REF!:#REF!,0)+1,4,4))) | Q22: =IF(P22="","", INDIRECT("base!"&ADDRESS(MATCH(CONCATENATE(N22,"|",P22),#REF!:#REF!,0)+1,6,4)))
A23: 1 | B23: =IF(AND(G23<>"",H23>0,I23<>"",J23<>0,K23<>0),COUNT($B$11:B22)+1,"") -> 10 | C23: 2.1 | D23: Próprio | E23: DRENO 1 | F23: 46113 | G23: DRENO (SEÇÃO 0,50 X 0,50 M), COM 1 TUBO DE PEAD CORRUGADO PERFURADO, DN 160 MM, ENCHIMENTO COM BRITA 3, ENVOLVIDO COM MANTA GEOTÊXTIL, COM SELO DE AREIA MÉDIA. (Base 102680) | H23: 97.67 | I23: M | J23: =IFERROR(IF(S23+T23<>0,ROUND(ROUND(S23,4)+ROUND(T23,4),4),""),"") -> 125.03 | K23: =IFERROR(IF(H23*J23<>0,ROUND(ROUND(H23,4)*ROUND(J23,4),2),""),"") -> 12211.68 | L23: 0.2486 | M23: 0.9612 | O23: =IF(N23="","", INDIRECT("base!"&ADDRESS(MATCH(N23,#REF!:#REF!,0)+1,4,4))) | Q23: =IF(P23="","", INDIRECT("base!"&ADDRESS(MATCH(CONCATENATE(N23,"|",P23),#REF!:#REF!,0)+1,6,4))) | S23: =TRUNC(U23+(U23*L23),2) -> 113.67 | T23: =TRUNC(V23+(V23*L23),2) -> 11.36 | U23: 91.04 | V23: 9.1
A24: 1 | B24: =IF(AND(G24<>"",H24>0,I24<>"",J24<>0,K24<>0),COUNT($B$11:B23)+1,"") -> 11 | C24: 2.2 | D24: SINAPI | E24: 97933 | F24: 46113 | G24: CAIXA COM GRELHA SIMPLES RETANGULAR, EM CONCRETO PRÉ-MOLDADO, DIMENSÕES INTERNAS: 0,6X1,0X1,0 M. AF_12/2020 | H24: 1 | I24: UN | J24: =IFERROR(IF(S24+T24<>0,ROUND(ROUND(S24,4)+ROUND(T24,4),4),""),"") -> 1519.19 | K24: =IFERROR(IF(H24*J24<>0,ROUND(ROUND(H24,4)*ROUND(J24,4),2),""),"") -> 1519.19 | L24: 0.2486 | M24: 0.9612 | O24: =IF(N24="","", INDIRECT("base!"&ADDRESS(MATCH(N24,#REF!:#REF!,0)+1,4,4))) | Q24: =IF(P24="","", INDIRECT("base!"&ADDRESS(MATCH(CONCATENATE(N24,"|",P24),#REF!:#REF!,0)+1,6,4))) | S24: =TRUNC(U24+(U24*L24),2) -> 1478.97 | T24: =TRUNC(V24+(V24*L24),2) -> 40.22 | U24: 1184.51 | V24: 32.22
A25: 1 | B25: =IF(AND(G25<>"",H25>0,I25<>"",J25<>0,K25<>0),COUNT($B$11:B24)+1,"") -> 12 | C25: 2.3 | D25: SINAPI | E25: 102988 | F25: 46113 | G25: RECOMPOSIÇÃO DE PAVIMENTO EM PISO INTERTRAVADO, COM REAPROVEITAMENTO DOS BLOCOS INTERTRAVADOS, PARA FECHAMENTO DE VALAS - INCLUSO RETIRADA E COLOCAÇÃO DO MATERIAL. AF_12/2020 | H25: 4.34 | I25: m² | J25: =IFERROR(IF(S25+T25<>0,ROUND(ROUND(S25,4)+ROUND(T25,4),4),""),"") -> 74.37 | K25: =IFERROR(IF(H25*J25<>0,ROUND(ROUND(H25,4)*ROUND(J25,4),2),""),"") -> 322.77 | L25: 0.2486 | M25: 0.9612 | O25: =IF(N25="","", INDIRECT("base!"&ADDRESS(MATCH(N25,#REF!:#REF!,0)+1,4,4))) | Q25: =IF(P25="","", INDIRECT("base!"&ADDRESS(MATCH(CONCATENATE(N25,"|",P25),#REF!:#REF!,0)+1,6,4))) | S25: =TRUNC(U25+(U25*L25),2) -> 26.43 | T25: =TRUNC(V25+(V25*L25),2) -> 47.94 | U25: 21.17 | V25: 38.4
A26: 1 | B26: =IF(AND(G26<>"",H26>0,I26<>"",J26<>0,K26<>0),COUNT($B$11:B25)+1,"") -> 13 | C26: 2.4 | D26: SINAPI | E26: 90106 | F26: 46113 | G26: ESCAVAÇÃO MECANIZADA DE VALA COM PROFUNDIDADE ATÉ 1,5 M (MÉDIA MONTANTE E JUSANTE/UMA COMPOSIÇÃO POR TRECHO), RETROESCAV. (0,26 M3), LARGURA DE 0,8 M A 1,5 M, EM SOLO DE 1A CATEGORIA, LOCAIS COM BAIXO NÍVEL DE INTERFERÊNCIA. AF_09/2024 | H26: 11.4 | I26: m³ | J26: =IFERROR(IF(S26+T26<>0,ROUND(ROUND(S26,4)+ROUND(T26,4),4),""),"") -> 10.84 | K26: =IFERROR(IF(H26*J26<>0,ROUND(ROUND(H26,4)*ROUND(J26,4),2),""),"") -> 123.58 | L26: 0.2486 | M26: 0.9612 | O26: =IF(N26="","", INDIRECT("base!"&ADDRESS(MATCH(N26,#REF!:#REF!,0)+1,4,4))) | Q26: =IF(P26="","", INDIRECT("base!"&ADDRESS(MATCH(CONCATENATE(N26,"|",P26),#REF!:#REF!,0)+1,6,4))) | S26: =TRUNC(U26+(U26*L26),2) -> 7.16 | T26: =TRUNC(V26+(V26*L26),2) -> 3.68 | U26: 5.74 | V26: 2.95
A27: 1 | B27: =IF(AND(G27<>"",H27>0,I27<>"",J27<>0,K27<>0),COUNT($B$11:B26)+1,"") -> 14 | C27: 2.5 | D27: SINAPI | E27: 90696 | F27: 46113 | G27: TUBO DE PVC PARA REDE COLETORA DE ESGOTO DE PAREDE MACIÇA, DN 200 MM, JUNTA ELÁSTICA - FORNECIMENTO E ASSENTAMENTO. AF_01/2021 | H27: 9.5 | I27: M | J27: =IFERROR(IF(S27+T27<>0,ROUND(ROUND(S27,4)+ROUND(T27,4),4),""),"") -> 221.72 | K27: =IFERROR(IF(H27*J27<>0,ROUND(ROUND(H27,4)*ROUND(J27,4),2),""),"") -> 2106.34 | L27: 0.2486 | M27: 0.9612 | O27: =IF(N27="","", INDIRECT("base!"&ADDRESS(MATCH(N27,#REF!:#REF!,0)+1,4,4))) | Q27: =IF(P27="","", INDIRECT("base!"&ADDRESS(MATCH(CONCATENATE(N27,"|",P27),#REF!:#REF!,0)+1,6,4))) | S27: =TRUNC(U27+(U27*L27),2) -> 217.7 | T27: =TRUNC(V27+(V27*L27),2) -> 4.02 | U27: 174.36 | V27: 3.22
A28: 1 | B28: =IF(AND(G28<>"",H28>0,I28<>"",J28<>0,K28<>0),COUNT($B$11:B27)+1,"") -> 15 | C28: 2.6 | D28: SINAPI | E28: 104741 | F28: 46113 | G28: REATERRO MECANIZADO DE VALA COM MINICARREGADEIRA, COM PLACA VIBRATÓRIA. AF_08/2023 | H28: 11.4 | I28: m³ | J28: =IFERROR(IF(S28+T28<>0,ROUND(ROUND(S28,4)+ROUND(T28,4),4),""),"") -> 32.09 | K28: =IFERROR(IF(H28*J28<>0,ROUND(ROUND(H28,4)*ROUND(J28,4),2),""),"") -> 365.83 | L28: 0.2486 | M28: 0.9612 | O28: =IF(N28="","", INDIRECT("base!"&ADDRESS(MATCH(N28,#REF!:#REF!,0)+1,4,4))) | Q28: =IF(P28="","", INDIRECT("base!"&ADDRESS(MATCH(CONCATENATE(N28,"|",P28),#REF!:#REF!,0)+1,6,4))) | S28: =TRUNC(U28+(U28*L28),2) -> 20.75 | T28: =TRUNC(V28+(V28*L28),2) -> 11.34 | U28: 16.62 | V28: 9.09
A29: 1 | B29: =IF(AND(G29<>"",H29>0,I29<>"",J29<>0,K29<>0),COUNT($B$11:B28)+1,"") -> 16 | C29: 2.7 | D29: SINAPI | E29: 101618 | F29: 46113 | G29: PREPARO DE FUNDO DE VALA COM LARGURA MENOR QUE 1,5 M, COM CAMADA DE AREIA, LANÇAMENTO MANUAL. AF_01/2026 | H29: 1.235 | I29: m³ | J29: =IFERROR(IF(S29+T29<>0,ROUND(ROUND(S29,4)+ROUND(T29,4),4),""),"") -> 291.11 | K29: =IFERROR(IF(H29*J29<>0,ROUND(ROUND(H29,4)*ROUND(J29,4),2),""),"") -> 359.52 | L29: 0.2486 | M29: 0.9612 | O29: =IF(N29="","", INDIRECT("base!"&ADDRESS(MATCH(N29,#REF!:#REF!,0)+1,4,4))) | Q29: =IF(P29="","", INDIRECT("base!"&ADDRESS(MATCH(CONCATENATE(N29,"|",P29),#REF!:#REF!,0)+1,6,4))) | S29: =TRUNC(U29+(U29*L29),2) -> 173.06 | T29: =TRUNC(V29+(V29*L29),2) -> 118.05 | U29: 138.61 | V29: 94.55
A30: 1 | B30: =IF(AND(G30<>"",H30>0,I30<>"",J30<>0,K30<>0),COUNT($B$11:B29)+1,"") | C30: 3 | G30: Contrapiso e SBR | J30: =IFERROR(IF(S30+T30<>0,ROUND(ROUND(S30,4)+ROUND(T30,4),4),""),"") | K30: =IFERROR(IF(H30*J30<>0,ROUND(ROUND(H30,4)*ROUND(J30,4),2),""),"") | O30: =IF(N30="","", INDIRECT("base!"&ADDRESS(MATCH(N30,#REF!:#REF!,0)+1,4,4))) | Q30: =IF(P30="","", INDIRECT("base!"&ADDRESS(MATCH(CONCATENATE(N30,"|",P30),#REF!:#REF!,0)+1,6,4)))
A31: 1 | B31: =IF(AND(G31<>"",H31>0,I31<>"",J31<>0,K31<>0),COUNT($B$11:B30)+1,"") -> 17 | C31: 3.1 | D31: SINAPI | E31: 97101 | F31: 46113 | G31: EXECUÇÃO DE RADIER, ESPESSURA DE 10 CM, FCK = 30 MPA, COM USO DE FORMAS EM MADEIRA SERRADA. AF_09/2021 | H31: 569.7 | I31: m² | J31: =IFERROR(IF(S31+T31<>0,ROUND(ROUND(S31,4)+ROUND(T31,4),4),""),"") -> 225.97 | K31: =IFERROR(IF(H31*J31<>0,ROUND(ROUND(H31,4)*ROUND(J31,4),2),""),"") -> 128735.11 | L31: 0.2486 | M31: 0.9612 | O31: =IF(N31="","", INDIRECT("base!"&ADDRESS(MATCH(N31,#REF!:#REF!,0)+1,4,4))) | Q31: =IF(P31="","", INDIRECT("base!"&ADDRESS(MATCH(CONCATENATE(N31,"|",P31),#REF!:#REF!,0)+1,6,4))) | S31: =TRUNC(U31+(U31*L31),2) -> 199.9 | T31: =TRUNC(V31+(V31*L31),2) -> 26.07 | U31: 160.1 | V31: 20.88
A32: 1 | B32: =IF(AND(G32<>"",H32>0,I32<>"",J32<>0,K32<>0),COUNT($B$11:B31)+1,"") -> 18 | C32: 3.2 | D32: SINAPI | E32: 98575 | F32: 46113 | G32: TRATAMENTO DE JUNTA DE DILATAÇÃO, COM TARUGO DE POLIETILENO E SELANTE PU, INCLUSO PREENCHIMENTO COM ESPUMA EXPANSIVA PU. AF_09/2023 | H32: 37.62 | I32: M | J32: =IFERROR(IF(S32+T32<>0,ROUND(ROUND(S32,4)+ROUND(T32,4),4),""),"") -> 87.99 | K32: =IFERROR(IF(H32*J32<>0,ROUND(ROUND(H32,4)*ROUND(J32,4),2),""),"") -> 3310.18 | L32: 0.2486 | M32: 0.9612 | O32: =IF(N32="","", INDIRECT("base!"&ADDRESS(MATCH(N32,#REF!:#REF!,0)+1,4,4))) | Q32: =IF(P32="","", INDIRECT("base!"&ADDRESS(MATCH(CONCATENATE(N32,"|",P32),#REF!:#REF!,0)+1,6,4))) | S32: =TRUNC(U32+(U32*L32),2) -> 46.69 | T32: =TRUNC(V32+(V32*L32),2) -> 41.3 | U32: 37.4 | V32: 33.08
A33: 1 | B33: =IF(AND(G33<>"",H33>0,I33<>"",J33<>0,K33<>0),COUNT($B$11:B32)+1,"") -> 19 | C33: 3.3 | D33: Próprio | E33: Mercado H | F33: 46113 | G33: Fornecimento e instalação de piso em SBR monolítico, com 45mm de espessura, conforme memorial descritivo | H33: 569.7 | I33: m² | J33: =IFERROR(IF(S33+T33<>0,ROUND(ROUND(S33,4)+ROUND(T33,4),4),""),"") -> 479.88 | K33: =IFERROR(IF(H33*J33<>0,ROUND(ROUND(H33,4)*ROUND(J33,4),2),""),"") -> 273387.64 | L33: 0.2486 | M33: 0.9612 | O33: =IF(N33="","", INDIRECT("base!"&ADDRESS(MATCH(N33,#REF!:#REF!,0)+1,4,4))) | Q33: =IF(P33="","", INDIRECT("base!"&ADDRESS(MATCH(CONCATENATE(N33,"|",P33),#REF!:#REF!,0)+1,6,4))) | S33: =TRUNC(U33+(U33*L33),2) -> 479.88 | T33: =TRUNC(V33+(V33*L33),2) -> 0 | U33: 384.34 | V33: 0
A34: 1 | B34: =IF(AND(G34<>"",H34>0,I34<>"",J34<>0,K34<>0),COUNT($B$11:B33)+1,"") | C34: 4 | G34: Instalação dos brinquedos | J34: =IFERROR(IF(S34+T34<>0,ROUND(ROUND(S34,4)+ROUND(T34,4),4),""),"") | K34: =IFERROR(IF(H34*J34<>0,ROUND(ROUND(H34,4)*ROUND(J34,4),2),""),"") | O34: =IF(N34="","", INDIRECT("base!"&ADDRESS(MATCH(N34,#REF!:#REF!,0)+1,4,4))) | Q34: =IF(P34="","", INDIRECT("base!"&ADDRESS(MATCH(CONCATENATE(N34,"|",P34),#REF!:#REF!,0)+1,6,4)))
A35: 1 | B35: =IF(AND(G35<>"",H35>0,I35<>"",J35<>0,K35<>0),COUNT($B$11:B34)+1,"") -> 20 | C35: 4.1 | D35: Próprio | E35: Mercado A | F35: 46113 | G35: Playground 4 torres, conforme memorial descritivo - Fornecimento e Instalação | H35: 2 | I35: unid | J35: =IFERROR(IF(S35+T35<>0,ROUND(ROUND(S35,4)+ROUND(T35,4),4),""),"") -> 52860.21 | K35: =IFERROR(IF(H35*J35<>0,ROUND(ROUND(H35,4)*ROUND(J35,4),2),""),"") -> 105720.42 | L35: 0.1786 | M35: 0.9612 | O35: =IF(N35="","", INDIRECT("base!"&ADDRESS(MATCH(N35,#REF!:#REF!,0)+1,4,4))) | Q35: =IF(P35="","", INDIRECT("base!"&ADDRESS(MATCH(CONCATENATE(N35,"|",P35),#REF!:#REF!,0)+1,6,4))) | S35: =TRUNC(U35+(U35*L35),2) -> 52860.21 | T35: =TRUNC(V35+(V35*L35),2) -> 0 | U35: 44850 | V35: 0
A36: 1 | B36: =IF(AND(G36<>"",H36>0,I36<>"",J36<>0,K36<>0),COUNT($B$11:B35)+1,"") -> 21 | C36: 4.2 | D36: SBC | E36: 40063 | F36: 46113 | G36: PRACA - BALANCO COM 2 CADEIRAS, ESTRUTURA EM TUBO DE ACO CARBONO, PINTURA NO PROCESSO ELETROSTATICO E CORRENTES | H36: 2 | I36: UN | J36: =IFERROR(IF(S36+T36<>0,ROUND(ROUND(S36,4)+ROUND(T36,4),4),""),"") -> 2156.82 | K36: =IFERROR(IF(H36*J36<>0,ROUND(ROUND(H36,4)*ROUND(J36,4),2),""),"") -> 4313.64 | L36: 0.1786 | M36: 0.9612 | O36: =IF(N36="","", INDIRECT("base!"&ADDRESS(MATCH(N36,#REF!:#REF!,0)+1,4,4))) | Q36: =IF(P36="","", INDIRECT("base!"&ADDRESS(MATCH(CONCATENATE(N36,"|",P36),#REF!:#REF!,0)+1,6,4))) | S36: =TRUNC(U36+(U36*L36),2) -> 2156.82 | T36: =TRUNC(V36+(V36*L36),2) -> 0 | U36: 1829.99 | V36: 0
A37: 1 | B37: =IF(AND(G37<>"",H37>0,I37<>"",J37<>0,K37<>0),COUNT($B$11:B36)+1,"") -> 22 | C37: 4.3 | D37: SBC | E37: 21659 | F37: 46113 | G37: PRACA - GIRA-GIRA PARA PARQUINHO INFANTIL, 1,50m (8 LUGARES), METALICO EM TUBOS DE ACO CARBONO PINTADOS, ASSENTOS EM MADEIRA PINTADA, HASTE / BASE PARA CHUMBAMENTO | H37: 1 | I37: UN | J37: =IFERROR(IF(S37+T37<>0,ROUND(ROUND(S37,4)+ROUND(T37,4),4),""),"") -> 2475.06 | K37: =IFERROR(IF(H37*J37<>0,ROUND(ROUND(H37,4)*ROUND(J37,4),2),""),"") -> 2475.06 | L37: 0.1786 | M37: 0.9612 | O37: =IF(N37="","", INDIRECT("base!"&ADDRESS(MATCH(N37,#REF!:#REF!,0)+1,4,4))) | Q37: =IF(P37="","", INDIRECT("base!"&ADDRESS(MATCH(CONCATENATE(N37,"|",P37),#REF!:#REF!,0)+1,6,4))) | S37: =TRUNC(U37+(U37*L37),2) -> 2475.06 | T37: =TRUNC(V37+(V37*L37),2) -> 0 | U37: 2100 | V37: 0
A38: 1 | B38: =IF(AND(G38<>"",H38>0,I38<>"",J38<>0,K38<>0),COUNT($B$11:B37)+1,"") -> 23 | C38: 4.4 | D38: ORSE | E38: 2440 | F38: 46113 | G38: Gangorra com 3 pranchas em aço industrial ou madeira (Sergipark ou similar) | H38: 1 | I38: un | J38: =IFERROR(IF(S38+T38<>0,ROUND(ROUND(S38,4)+ROUND(T38,4),4),""),"") -> 4702.61 | K38: =IFERROR(IF(H38*J38<>0,ROUND(ROUND(H38,4)*ROUND(J38,4),2),""),"") -> 4702.61 | L38: 0.1786 | M38: 0.9612 | O38: =IF(N38="","", INDIRECT("base!"&ADDRESS(MATCH(N38,#REF!:#REF!,0)+1,4,4))) | Q38: =IF(P38="","", INDIRECT("base!"&ADDRESS(MATCH(CONCATENATE(N38,"|",P38),#REF!:#REF!,0)+1,6,4))) | S38: =TRUNC(U38+(U38*L38),2) -> 4702.61 | T38: =TRUNC(V38+(V38*L38),2) -> 0 | U38: 3990 | V38: 0
A39: 1 | B39: =IF(AND(G39<>"",H39>0,I39<>"",J39<>0,K39<>0),COUNT($B$11:B38)+1,"") -> 24 | C39: 4.5 | D39: Próprio | E39: MERCADO C | F39: 46113 | G39: Escalada Globo/Meia Lua, conforme memorial descritivo - Fornecimento e Instalação | H39: 1 | I39: unid | J39: =IFERROR(IF(S39+T39<>0,ROUND(ROUND(S39,4)+ROUND(T39,4),4),""),"") -> 6534.15 | K39: =IFERROR(IF(H39*J39<>0,ROUND(ROUND(H39,4)*ROUND(J39,4),2),""),"") -> 6534.15 | L39: 0.1786 | M39: 0.9612 | O39: =IF(N39="","", INDIRECT("base!"&ADDRESS(MATCH(N39,#REF!:#REF!,0)+1,4,4))) | Q39: =IF(P39="","", INDIRECT("base!"&ADDRESS(MATCH(CONCATENATE(N39,"|",P39),#REF!:#REF!,0)+1,6,4))) | S39: =TRUNC(U39+(U39*L39),2) -> 6534.15 | T39: =TRUNC(V39+(V39*L39),2) -> 0 | U39: 5544 | V39: 0
A40: 1 | B40: =IF(AND(G40<>"",H40>0,I40<>"",J40<>0,K40<>0),COUNT($B$11:B39)+1,"") -> 25 | C40: 4.6 | D40: Próprio | E40: Mercado B | F40: 46113 | G40: Trepa Trepa Geodésico (Scandere Domos/Domo de escalada), conforme memorial descritivo - Fornecimento e Instalação | H40: 1 | I40: unid | J40: =IFERROR(IF(S40+T40<>0,ROUND(ROUND(S40,4)+ROUND(T40,4),4),""),"") -> 6555.96 | K40: =IFERROR(IF(H40*J40<>0,ROUND(ROUND(H40,4)*ROUND(J40,4),2),""),"") -> 6555.96 | L40: 0.1786 | M40: 0.9612 | O40: =IF(N40="","", INDIRECT("base!"&ADDRESS(MATCH(N40,#REF!:#REF!,0)+1,4,4))) | Q40: =IF(P40="","", INDIRECT("base!"&ADDRESS(MATCH(CONCATENATE(N40,"|",P40),#REF!:#REF!,0)+1,6,4))) | S40: =TRUNC(U40+(U40*L40),2) -> 6555.96 | T40: =TRUNC(V40+(V40*L40),2) -> 0 | U40: 5562.5 | V40: 0
A41: 1 | B41: =IF(AND(G41<>"",H41>0,I41<>"",J41<>0,K41<>0),COUNT($B$11:B40)+1,"") | C41: 5 | G41: Mobiliário | J41: =IFERROR(IF(S41+T41<>0,ROUND(ROUND(S41,4)+ROUND(T41,4),4),""),"") | K41: =IFERROR(IF(H41*J41<>0,ROUND(ROUND(H41,4)*ROUND(J41,4),2),""),"") | O41: =IF(N41="","", INDIRECT("base!"&ADDRESS(MATCH(N41,#REF!:#REF!,0)+1,4,4))) | Q41: =IF(P41="","", INDIRECT("base!"&ADDRESS(MATCH(CONCATENATE(N41,"|",P41),#REF!:#REF!,0)+1,6,4)))
A42: 1 | B42: =IF(AND(G42<>"",H42>0,I42<>"",J42<>0,K42<>0),COUNT($B$11:B41)+1,"") -> 26 | C42: 5.1 | D42: Próprio | E42: COMP_47 | F42: 46113 | G42: BANCO EM CONCRETO ARMADO 0,6X3X0,45 | H42: 6 | I42: unid | J42: =IFERROR(IF(S42+T42<>0,ROUND(ROUND(S42,4)+ROUND(T42,4),4),""),"") -> 2483.15 | K42: =IFERROR(IF(H42*J42<>0,ROUND(ROUND(H42,4)*ROUND(J42,4),2),""),"") -> 14898.9 | L42: 0.2486 | M42: 0.9612 | O42: =IF(N42="","", INDIRECT("base!"&ADDRESS(MATCH(N42,#REF!:#REF!,0)+1,4,4))) | Q42: =IF(P42="","", INDIRECT("base!"&ADDRESS(MATCH(CONCATENATE(N42,"|",P42),#REF!:#REF!,0)+1,6,4))) | S42: =TRUNC(U42+(U42*L42),2) -> 2037.57 | T42: =TRUNC(V42+(V42*L42),2) -> 445.58 | U42: 1631.89 | V42: 356.87
A43: 1 | B43: =IF(AND(G43<>"",H43>0,I43<>"",J43<>0,K43<>0),COUNT($B$11:B42)+1,"") -> 27 | C43: 5.2 | D43: Próprio | E43: COMP_48 | F43: 46113 | G43: MESA EM CONCRETO ARMADO 0,5X1,5X0,3 | H43: 6 | I43: unid | J43: =IFERROR(IF(S43+T43<>0,ROUND(ROUND(S43,4)+ROUND(T43,4),4),""),"") -> 656.4 | K43: =IFERROR(IF(H43*J43<>0,ROUND(ROUND(H43,4)*ROUND(J43,4),2),""),"") -> 3938.4 | L43: 0.2486 | M43: 0.9612 | O43: =IF(N43="","", INDIRECT("base!"&ADDRESS(MATCH(N43,#REF!:#REF!,0)+1,4,4))) | Q43: =IF(P43="","", INDIRECT("base!"&ADDRESS(MATCH(CONCATENATE(N43,"|",P43),#REF!:#REF!,0)+1,6,4))) | S43: =TRUNC(U43+(U43*L43),2) -> 524.67 | T43: =TRUNC(V43+(V43*L43),2) -> 131.73 | U43: 420.21 | V43: 105.51
A44: 1 | B44: =IF(AND(G44<>"",H44>0,I44<>"",J44<>0,K44<>0),COUNT($B$11:B43)+1,"") | C44: 6 | G44: Instalações elétricas | J44: =IFERROR(IF(S44+T44<>0,ROUND(ROUND(S44,4)+ROUND(T44,4),4),""),"") | K44: =IFERROR(IF(H44*J44<>0,ROUND(ROUND(H44,4)*ROUND(J44,4),2),""),"") | O44: =IF(N44="","", INDIRECT("base!"&ADDRESS(MATCH(N44,#REF!:#REF!,0)+1,4,4))) | Q44: =IF(P44="","", INDIRECT("base!"&ADDRESS(MATCH(CONCATENATE(N44,"|",P44),#REF!:#REF!,0)+1,6,4)))
A45: 1 | B45: =IF(AND(G45<>"",H45>0,I45<>"",J45<>0,K45<>0),COUNT($B$11:B44)+1,"") -> 28 | C45: 6.1 | D45: SINAPI | E45: 93358 | F45: 46113 | G45: ESCAVAÇÃO MANUAL DE VALA. AF_09/2024 | H45: 9.6 | I45: m³ | J45: =IFERROR(IF(S45+T45<>0,ROUND(ROUND(S45,4)+ROUND(T45,4),4),""),"") -> 115.96 | K45: =IFERROR(IF(H45*J45<>0,ROUND(ROUND(H45,4)*ROUND(J45,4),2),""),"") -> 1113.22 | L45: 0.2486 | M45: 0.9612 | O45: =IF(N45="","", INDIRECT("base!"&ADDRESS(MATCH(N45,#REF!:#REF!,0)+1,4,4))) | Q45: =IF(P45="","", INDIRECT("base!"&ADDRESS(MATCH(CONCATENATE(N45,"|",P45),#REF!:#REF!,0)+1,6,4))) | S45: =TRUNC(U45+(U45*L45),2) -> 32.5 | T45: =TRUNC(V45+(V45*L45),2) -> 83.46 | U45: 26.03 | V45: 66.85
A46: 1 | B46: =IF(AND(G46<>"",H46>0,I46<>"",J46<>0,K46<>0),COUNT($B$11:B45)+1,"") -> 29 | C46: 6.2 | D46: SINAPI | E46: 104737 | F46: 46113 | G46: REATERRO MANUAL DE VALAS, COM PLACA VIBRATÓRIA. AF_08/2023 | H46: 9.6 | I46: m³ | J46: =IFERROR(IF(S46+T46<>0,ROUND(ROUND(S46,4)+ROUND(T46,4),4),""),"") -> 29.59 | K46: =IFERROR(IF(H46*J46<>0,ROUND(ROUND(H46,4)*ROUND(J46,4),2),""),"") -> 284.06 | L46: 0.2486 | M46: 0.9612 | O46: =IF(N46="","", INDIRECT("base!"&ADDRESS(MATCH(N46,#REF!:#REF!,0)+1,4,4))) | Q46: =IF(P46="","", INDIRECT("base!"&ADDRESS(MATCH(CONCATENATE(N46,"|",P46),#REF!:#REF!,0)+1,6,4))) | S46: =TRUNC(U46+(U46*L46),2) -> 10.87 | T46: =TRUNC(V46+(V46*L46),2) -> 18.72 | U46: 8.71 | V46: 15
A47: 1 | B47: =IF(AND(G47<>"",H47>0,I47<>"",J47<>0,K47<>0),COUNT($B$11:B46)+1,"") -> 30 | C47: 6.3 | D47: SINAPI | E47: 97667 | F47: 46113 | G47: ELETRODUTO FLEXÍVEL CORRUGADO, PEAD, DN 50 (1 1/2"), PARA REDE ENTERRADA DE DISTRIBUIÇÃO DE ENERGIA ELÉTRICA - FORNECIMENTO E INSTALAÇÃO. AF_12/2021 | H47: 64 | I47: M | J47: =IFERROR(IF(S47+T47<>0,ROUND(ROUND(S47,4)+ROUND(T47,4),4),""),"") -> 14.13 | K47: =IFERROR(IF(H47*J47<>0,ROUND(ROUND(H47,4)*ROUND(J47,4),2),""),"") -> 904.32 | L47: 0.2486 | M47: 0.9612 | O47: =IF(N47="","", INDIRECT("base!"&ADDRESS(MATCH(N47,#REF!:#REF!,0)+1,4,4))) | Q47: =IF(P47="","", INDIRECT("base!"&ADDRESS(MATCH(CONCATENATE(N47,"|",P47),#REF!:#REF!,0)+1,6,4))) | S47: =TRUNC(U47+(U47*L47),2) -> 10.63 | T47: =TRUNC(V47+(V47*L47),2) -> 3.5 | U47: 8.52 | V47: 2.81
A48: 1 | B48: =IF(AND(G48<>"",H48>0,I48<>"",J48<>0,K48<>0),COUNT($B$11:B47)+1,"") -> 31 | C48: 6.4 | D48: Próprio | E48: PRÓPRIA B | F48: 46113 | G48: INSTALAÇÃO DE BALIZADOR METÁLICO SOBRE BLOCO DE CONCRETO - (BASE SINAPI 103312) | H48: 25 | I48: UN | J48: =IFERROR(IF(S48+T48<>0,ROUND(ROUND(S48,4)+ROUND(T48,4),4),""),"") -> 50.7 | K48: =IFERROR(IF(H48*J48<>0,ROUND(ROUND(H48,4)*ROUND(J48,4),2),""),"") -> 1267.5 | L48: 0.2486 | M48: 0.9612 | O48: =IF(N48="","", INDIRECT("base!"&ADDRESS(MATCH(N48,#REF!:#REF!,0)+1,4,4))) | Q48: =IF(P48="","", INDIRECT("base!"&ADDRESS(MATCH(CONCATENATE(N48,"|",P48),#REF!:#REF!,0)+1,6,4))) | S48: =TRUNC(U48+(U48*L48),2) -> 14.7 | T48: =TRUNC(V48+(V48*L48),2) -> 36 | U48: 11.78 | V48: 28.84
A49: 1 | B49: =IF(AND(G49<>"",H49>0,I49<>"",J49<>0,K49<>0),COUNT($B$11:B48)+1,"") -> 32 | C49: 6.5 | D49: SBC | E49: 52263 | F49: 46113 | G49: POSTE BALIZADOR PARA JARDIM, EM ALUMINIO E VIDRO, COR PRETO, IP65, BIVOLT | H49: 25 | I49: UN | J49: =IFERROR(IF(S49+T49<>0,ROUND(ROUND(S49,4)+ROUND(T49,4),4),""),"") -> 212.13 | K49: =IFERROR(IF(H49*J49<>0,ROUND(ROUND(H49,4)*ROUND(J49,4),2),""),"") -> 5303.25 | L49: 0.2486 | M49: 0.9612 | O49: =IF(N49="","", INDIRECT("base!"&ADDRESS(MATCH(N49,#REF!:#REF!,0)+1,4,4))) | Q49: =IF(P49="","", INDIRECT("base!"&ADDRESS(MATCH(CONCATENATE(N49,"|",P49),#REF!:#REF!,0)+1,6,4))) | S49: =TRUNC(U49+(U49*L49),2) -> 212.13 | T49: =TRUNC(V49+(V49*L49),2) -> 0 | U49: 169.9 | V49: 0
A50: 1 | B50: =IF(AND(G50<>"",H50>0,I50<>"",J50<>0,K50<>0),COUNT($B$11:B49)+1,"") -> 33 | C50: 6.6 | D50: SINAPI | E50: 39258 | F50: 46113 | G50: CABO MULTIPOLAR DE COBRE, FLEXIVEL, CLASSE 4 OU 5, ISOLACAO EM HEPR, COBERTURA EM PVC-ST2, ANTICHAMA BWF-B, 0,6/1 KV, 3 CONDUTORES DE 2,5 MM2 | H50: 81.5 | I50: M | J50: =IFERROR(IF(S50+T50<>0,ROUND(ROUND(S50,4)+ROUND(T50,4),4),""),"") -> 12.03 | K50: =IFERROR(IF(H50*J50<>0,ROUND(ROUND(H50,4)*ROUND(J50,4),2),""),"") -> 980.45 | L50: 0.2486 | M50: 0.9612 | O50: =IF(N50="","", INDIRECT("base!"&ADDRESS(MATCH(N50,#REF!:#REF!,0)+1,4,4))) | Q50: =IF(P50="","", INDIRECT("base!"&ADDRESS(MATCH(CONCATENATE(N50,"|",P50),#REF!:#REF!,0)+1,6,4))) | S50: =TRUNC(U50+(U50*L50),2) -> 12.03 | T50: =TRUNC(V50+(V50*L50),2) -> 0 | U50: 9.64 | V50: 0
A51: 1 | B51: =IF(AND(G51<>"",H51>0,I51<>"",J51<>0,K51<>0),COUNT($B$11:B50)+1,"") | C51: 7 | G51: Paisagismo | J51: =IFERROR(IF(S51+T51<>0,ROUND(ROUND(S51,4)+ROUND(T51,4),4),""),"") | K51: =IFERROR(IF(H51*J51<>0,ROUND(ROUND(H51,4)*ROUND(J51,4),2),""),"") | O51: =IF(N51="","", INDIRECT("base!"&ADDRESS(MATCH(N51,#REF!:#REF!,0)+1,4,4))) | Q51: =IF(P51="","", INDIRECT("base!"&ADDRESS(MATCH(CONCATENATE(N51,"|",P51),#REF!:#REF!,0)+1,6,4)))
A52: 1 | B52: =IF(AND(G52<>"",H52>0,I52<>"",J52<>0,K52<>0),COUNT($B$11:B51)+1,"") -> 34 | C52: 7.1 | D52: SINAPI | E52: 105521 | F52: 46113 | G52: ESPALHAMENTO DE TERRA VEGETAL PARA O PLANTIO. AF_07/2024 | H52: 646.25 | I52: m² | J52: =IFERROR(IF(S52+T52<>0,ROUND(ROUND(S52,4)+ROUND(T52,4),4),""),"") -> 5.15 | K52: =IFERROR(IF(H52*J52<>0,ROUND(ROUND(H52,4)*ROUND(J52,4),2),""),"") -> 3328.19 | L52: 0.2486 | M52: 0.9612 | O52: =IF(N52="","", INDIRECT("base!"&ADDRESS(MATCH(N52,#REF!:#REF!,0)+1,4,4))) | Q52: =IF(P52="","", INDIRECT("base!"&ADDRESS(MATCH(CONCATENATE(N52,"|",P52),#REF!:#REF!,0)+1,6,4))) | S52: =TRUNC(U52+(U52*L52),2) -> 3.77 | T52: =TRUNC(V52+(V52*L52),2) -> 1.38 | U52: 3.02 | V52: 1.11
A53: 1 | B53: =IF(AND(G53<>"",H53>0,I53<>"",J53<>0,K53<>0),COUNT($B$11:B52)+1,"") -> 35 | C53: 7.2 | D53: SINAPI | E53: 103946 | F53: 46113 | G53: PLANTIO DE GRAMA ESMERALDA OU SÃO CARLOS OU CURITIBANA, EM PLACAS. AF_07/2024 | H53: 579.97 | I53: m² | J53: =IFERROR(IF(S53+T53<>0,ROUND(ROUND(S53,4)+ROUND(T53,4),4),""),"") -> 37.97 | K53: =IFERROR(IF(H53*J53<>0,ROUND(ROUND(H53,4)*ROUND(J53,4),2),""),"") -> 22021.46 | L53: 0.2486 | M53: 0.9612 | O53: =IF(N53="","", INDIRECT("base!"&ADDRESS(MATCH(N53,#REF!:#REF!,0)+1,4,4))) | Q53: =IF(P53="","", INDIRECT("base!"&ADDRESS(MATCH(CONCATENATE(N53,"|",P53),#REF!:#REF!,0)+1,6,4))) | S53: =TRUNC(U53+(U53*L53),2) -> 34.44 | T53: =TRUNC(V53+(V53*L53),2) -> 3.53 | U53: 27.59 | V53: 2.83
A54: 1 | B54: =IF(AND(G54<>"",H54>0,I54<>"",J54<>0,K54<>0),COUNT($B$11:B53)+1,"") -> 36 | C54: 7.3 | D54: SCO | E54: MAT104076 | F54: 46113 | G54: Planta - Especie vegetal nativa com CAP (Circunferencia na Altura do Peito) entre 0,20 e 0,25m e altura entre 3,50 e 4,00m. Registro Nacional de Sementes e Mudas (RENASEM) obrigatorio. | H54: 6 | I54: un | J54: =IFERROR(IF(S54+T54<>0,ROUND(ROUND(S54,4)+ROUND(T54,4),4),""),"") -> 1123.74 | K54: =IFERROR(IF(H54*J54<>0,ROUND(ROUND(H54,4)*ROUND(J54,4),2),""),"") -> 6742.44 | L54: 0.2486 | M54: 0.9612 | O54: =IF(N54="","", INDIRECT("base!"&ADDRESS(MATCH(N54,#REF!:#REF!,0)+1,4,4))) | Q54: =IF(P54="","", INDIRECT("base!"&ADDRESS(MATCH(CONCATENATE(N54,"|",P54),#REF!:#REF!,0)+1,6,4))) | S54: =TRUNC(U54+(U54*L54),2) -> 1123.74 | T54: =TRUNC(V54+(V54*L54),2) -> 0 | U54: 900 | V54: 0
A55: 1 | B55: =IF(AND(G55<>"",H55>0,I55<>"",J55<>0,K55<>0),COUNT($B$11:B54)+1,"") -> 37 | C55: 7.4 | D55: SINAPI | E55: 98505 | F55: 46113 | G55: PLANTIO DE FORRAÇÃO. AF_07/2024 | H55: 19.44 | I55: m² | J55: =IFERROR(IF(S55+T55<>0,ROUND(ROUND(S55,4)+ROUND(T55,4),4),""),"") -> 90.1 | K55: =IFERROR(IF(H55*J55<>0,ROUND(ROUND(H55,4)*ROUND(J55,4),2),""),"") -> 1751.54 | L55: 0.2486 | M55: 0.9612 | O55: =IF(N55="","", INDIRECT("base!"&ADDRESS(MATCH(N55,#REF!:#REF!,0)+1,4,4))) | Q55: =IF(P55="","", INDIRECT("base!"&ADDRESS(MATCH(CONCATENATE(N55,"|",P55),#REF!:#REF!,0)+1,6,4))) | S55: =TRUNC(U55+(U55*L55),2) -> 83.64 | T55: =TRUNC(V55+(V55*L55),2) -> 6.46 | U55: 66.99 | V55: 5.18
A56: 1 | B56: =IF(AND(G56<>"",H56>0,I56<>"",J56<>0,K56<>0),COUNT($B$11:B55)+1,"") -> 38 | C56: 7.5 | D56: SCO | E56: PJ 05.05.0530 | F56: 46113 | G56: Especies vegetais com altura de (0,40 a 1,50)m, tipo Arundina Bambusifolia (Orquidea Bambu), Jatropha Podagrica (Batata do Inferno), Strelitzia Reginae (Flor Ave do Paraiso), Heliconia Angusta (Falsa Ave do Paraiso) ou similar e considerando 8 mudas por m2. Fornecimento. | H56: 46.84 | I56: m² | J56: =IFERROR(IF(S56+T56<>0,ROUND(ROUND(S56,4)+ROUND(T56,4),4),""),"") -> 364.59 | K56: =IFERROR(IF(H56*J56<>0,ROUND(ROUND(H56,4)*ROUND(J56,4),2),""),"") -> 17077.4 | L56: 0.2486 | M56: 0.9612 | O56: =IF(N56="","", INDIRECT("base!"&ADDRESS(MATCH(N56,#REF!:#REF!,0)+1,4,4))) | Q56: =IF(P56="","", INDIRECT("base!"&ADDRESS(MATCH(CONCATENATE(N56,"|",P56),#REF!:#REF!,0)+1,6,4))) | S56: =TRUNC(U56+(U56*L56),2) -> 364.59 | T56: =TRUNC(V56+(V56*L56),2) -> 0 | U56: 292 | V56: 0
A57: 1 | B57: =IF(AND(G57<>"",H57>0,I57<>"",J57<>0,K57<>0),COUNT($B$11:B56)+1,"") -> 39 | C57: 7.6 | D57: EMOP | E57: 10901 | F57: 46113 | G57: LIMITADOR GRAMA PVC RECICLADO - LINHA PL ANA | H57: 75.41 | I57: M | J57: =IFERROR(IF(S57+T57<>0,ROUND(ROUND(S57,4)+ROUND(T57,4),4),""),"") -> 2.33 | K57: =IFERROR(IF(H57*J57<>0,ROUND(ROUND(H57,4)*ROUND(J57,4),2),""),"") -> 175.71 | L57: 0.2486 | M57: 0.9612 | O57: =IF(N57="","", INDIRECT("base!"&ADDRESS(MATCH(N57,#REF!:#REF!,0)+1,4,4))) | Q57: =IF(P57="","", INDIRECT("base!"&ADDRESS(MATCH(CONCATENATE(N57,"|",P57),#REF!:#REF!,0)+1,6,4))) | S57: =TRUNC(U57+(U57*L57),2) -> 2.33 | T57: =TRUNC(V57+(V57*L57),2) -> 0 | U57: 1.87 | V57: 0
A58: 1 | B58: =IF(AND(G58<>"",H58>0,I58<>"",J58<>0,K58<>0),COUNT($B$11:B57)+1,"") | C58: 8 | G58: Paisagismo Espaço de Food Trucks | J58: =IFERROR(IF(S58+T58<>0,ROUND(ROUND(S58,4)+ROUND(T58,4),4),""),"") | K58: =IFERROR(IF(H58*J58<>0,ROUND(ROUND(H58,4)*ROUND(J58,4),2),""),"")
A59: 1 | B59: =IF(AND(G59<>"",H59>0,I59<>"",J59<>0,K59<>0),COUNT($B$11:B58)+1,"") -> 40 | C59: 8.1 | D59: EMOP | E59: 14978 | F59: 46113 | G59: MUDA DE PALMEIRA,TIPO RABO-DE-RAPOSA (WO DYETIA BIFURCATA),JERIVA (SYAGRUS ROMANZ OFFIANA) OU SIMILAR,COM APROX. 2,50M ALT | H59: 6 | I59: UN | J59: =IFERROR(IF(S59+T59<>0,ROUND(ROUND(S59,4)+ROUND(T59,4),4),""),"") -> 187.29 | K59: =IFERROR(IF(H59*J59<>0,ROUND(ROUND(H59,4)*ROUND(J59,4),2),""),"") -> 1123.74 | L59: 0.2486 | M59: 0.9612 | O59: =IF(N59="","", INDIRECT("base!"&ADDRESS(MATCH(N59,#REF!:#REF!,0)+1,4,4))) | Q59: =IF(P59="","", INDIRECT("base!"&ADDRESS(MATCH(CONCATENATE(N59,"|",P59),#REF!:#REF!,0)+1,6,4))) | S59: =TRUNC(U59+(U59*L59),2) -> 187.29 | T59: =TRUNC(V59+(V59*L59),2) -> 0 | U59: 150 | V59: 0
A60: 1 | B60: =IF(AND(G60<>"",H60>0,I60<>"",J60<>0,K60<>0),COUNT($B$11:B59)+1,"") -> 41 | C60: 8.2 | D60: SCO | E60: PJ 05.05.0530 | F60: 46113 | G60: Especies vegetais com altura de (0,40 a 1,50)m, tipo Strelitzia Reginae (Flor Ave do Paraiso), Philodendron Undulatum (Guaimbe da Folha Ondulada) ou similar e considerando 8 mudas por m2. Fornecimento. | H60: 90.12 | I60: m² | J60: =IFERROR(IF(S60+T60<>0,ROUND(ROUND(S60,4)+ROUND(T60,4),4),""),"") -> 364.59 | K60: =IFERROR(IF(H60*J60<>0,ROUND(ROUND(H60,4)*ROUND(J60,4),2),""),"") -> 32856.85 | L60: 0.2486 | M60: 0.9612 | O60: =IF(N60="","", INDIRECT("base!"&ADDRESS(MATCH(N60,#REF!:#REF!,0)+1,4,4))) | Q60: =IF(P60="","", INDIRECT("base!"&ADDRESS(MATCH(CONCATENATE(N60,"|",P60),#REF!:#REF!,0)+1,6,4))) | S60: =TRUNC(U60+(U60*L60),2) -> 364.59 | T60: =TRUNC(V60+(V60*L60),2) -> 0 | U60: 292 | V60: 0
A61: 1 | B61: =IF(AND(G61<>"",H61>0,I61<>"",J61<>0,K61<>0),COUNT($B$11:B60)+1,"") -> 42 | C61: 8.3 | D61: ORSE | E61: 9872 | F61: 46113 | G61: Planta - Jabuticabeira enxertada (myrciaria cauliflora), h=3,00m, fornecimento e plantio | H61: 2 | I61: un | J61: =IFERROR(IF(S61+T61<>0,ROUND(ROUND(S61,4)+ROUND(T61,4),4),""),"") -> 979.21 | K61: =IFERROR(IF(H61*J61<>0,ROUND(ROUND(H61,4)*ROUND(J61,4),2),""),"") -> 1958.42 | L61: 0.2486 | M61: 0.9612 | O61: =IF(N61="","", INDIRECT("base!"&ADDRESS(MATCH(N61,#REF!:#REF!,0)+1,4,4))) | Q61: =IF(P61="","", INDIRECT("base!"&ADDRESS(MATCH(CONCATENATE(N61,"|",P61),#REF!:#REF!,0)+1,6,4))) | S61: =TRUNC(U61+(U61*L61),2) -> 948.67 | T61: =TRUNC(V61+(V61*L61),2) -> 30.54 | U61: 759.79 | V61: 24.46
A62: 1 | B62: =IF(AND(G62<>"",H62>0,I62<>"",J62<>0,K62<>0),COUNT($B$11:B61)+1,"") -> 43 | C62: 8.4 | D62: ORSE | E62: 11802 | F62: 46113 | G62: Muda de palmeira ravenala, h=1,50 m, fornecimento e plantio | H62: 3 | I62: un | J62: =IFERROR(IF(S62+T62<>0,ROUND(ROUND(S62,4)+ROUND(T62,4),4),""),"") -> 288.2 | K62: =IFERROR(IF(H62*J62<>0,ROUND(ROUND(H62,4)*ROUND(J62,4),2),""),"") -> 864.6 | L62: 0.2486 | M62: 0.9612 | O62: =IF(N62="","", INDIRECT("base!"&ADDRESS(MATCH(N62,#REF!:#REF!,0)+1,4,4))) | Q62: =IF(P62="","", INDIRECT("base!"&ADDRESS(MATCH(CONCATENATE(N62,"|",P62),#REF!:#REF!,0)+1,6,4))) | S62: =TRUNC(U62+(U62*L62),2) -> 257.66 | T62: =TRUNC(V62+(V62*L62),2) -> 30.54 | U62: 206.36 | V62: 24.46
A63: 1 | B63: =IF(AND(G63<>"",H63>0,I63<>"",J63<>0,K63<>0),COUNT($B$11:B62)+1,"") -> 44 | C63: 8.5 | D63: ORSE | E63: 8774 | F63: 46113 | G63: Casca de pinus, fornecimento e colocação | H63: 346.62 | I63: kg | J63: =IFERROR(IF(S63+T63<>0,ROUND(ROUND(S63,4)+ROUND(T63,4),4),""),"") -> 8.82 | K63: =IFERROR(IF(H63*J63<>0,ROUND(ROUND(H63,4)*ROUND(J63,4),2),""),"") -> 3057.19 | L63: 0.2486 | M63: 0.9612 | O63: =IF(N63="","", INDIRECT("base!"&ADDRESS(MATCH(N63,#REF!:#REF!,0)+1,4,4))) | Q63: =IF(P63="","", INDIRECT("base!"&ADDRESS(MATCH(CONCATENATE(N63,"|",P63),#REF!:#REF!,0)+1,6,4))) | S63: =TRUNC(U63+(U63*L63),2) -> 6.84 | T63: =TRUNC(V63+(V63*L63),2) -> 1.98 | U63: 5.48 | V63: 1.59
A64: 1 | B64: =IF(AND(G64<>"",H64>0,I64<>"",J64<>0,K64<>0),COUNT($B$11:B63)+1,"") | C64: 9 | G64: Escadas e Guarda Corpo Espaço de Food Trucks | J64: =IFERROR(IF(S64+T64<>0,ROUND(ROUND(S64,4)+ROUND(T64,4),4),""),"") | K64: =IFERROR(IF(H64*J64<>0,ROUND(ROUND(H64,4)*ROUND(J64,4),2),""),"")
A65: 1 | B65: =IF(AND(G65<>"",H65>0,I65<>"",J65<>0,K65<>0),COUNT($B$11:B64)+1,"") -> 45 | C65: 9.1 | D65: SINAPI | E65: 102073 | F65: 46113 | G65: ESCADA EM CONCRETO ARMADO MOLDADO IN LOCO, FCK 25 MPA, COM 1 LANCE E LAJE PLANA, FÔRMA EM CHAPA DE MADEIRA COMPENSADA RESINADA. AF_11/2020 | H65: 3.4101 | I65: m³ | J65: =IFERROR(IF(S65+T65<>0,ROUND(ROUND(S65,4)+ROUND(T65,4),4),""),"") -> 4747.82 | K65: =IFERROR(IF(H65*J65<>0,ROUND(ROUND(H65,4)*ROUND(J65,4),2),""),"") -> 16190.54 | L65: 0.2486 | M65: 0.9612 | O65: =IF(N65="","", INDIRECT("base!"&ADDRESS(MATCH(N65,#REF!:#REF!,0)+1,4,4))) | Q65: =IF(P65="","", INDIRECT("base!"&ADDRESS(MATCH(CONCATENATE(N65,"|",P65),#REF!:#REF!,0)+1,6,4))) | S65: =TRUNC(U65+(U65*L65),2) -> 3400.82 | T65: =TRUNC(V65+(V65*L65),2) -> 1347 | U65: 2723.71 | V65: 1078.81
A66: 1 | B66: =IF(AND(G66<>"",H66>0,I66<>"",J66<>0,K66<>0),COUNT($B$11:B65)+1,"") -> 46 | C66: 9.2 | D66: Próprio | E66: GUARDA CORPO 1,3M | F66: 46113 | G66: GUARDA-CORPO DE AÇO GALVANIZADO DE 1,30M, MONTANTES TUBULARES DE 1.1/4" ESPAÇADOS 1,20M, TRAVESSA SUPERIOR DE 1.1/2", GRADIL FORMADO POR TUBOS HORIZONTAIS DE 1" E VERTICAIS DE 3/4", FIXADO COM ADESIVO ESTRUTURAL EPOXI. (BASE COMPOSIÇÃO SINAPI 99842) | H66: 43.2 | I66: M | J66: =IFERROR(IF(S66+T66<>0,ROUND(ROUND(S66,4)+ROUND(T66,4),4),""),"") -> 675.3 | K66: =IFERROR(IF(H66*J66<>0,ROUND(ROUND(H66,4)*ROUND(J66,4),2),""),"") -> 29172.96 | L66: 0.2486 | M66: 0.9612 | O66: =IF(N66="","", INDIRECT("base!"&ADDRESS(MATCH(N66,#REF!:#REF!,0)+1,4,4))) | Q66: =IF(P66="","", INDIRECT("base!"&ADDRESS(MATCH(CONCATENATE(N66,"|",P66),#REF!:#REF!,0)+1,6,4))) | S66: =TRUNC(U66+(U66*L66),2) -> 506.28 | T66: =TRUNC(V66+(V66*L66),2) -> 169.02 | U66: 405.48 | V66: 135.37
A67: 1 | B67: =IF(AND(G67<>"",H67>0,I67<>"",J67<>0,K67<>0),COUNT($B$11:B66)+1,"") -> 47 | C67: 9.3 | D67: SINAPI | E67: 106210 | F67: 46113 | G67: CORRIMÃO SIMPLES FIXADO NO PISO EM AÇO GALVANIZADO DE 1.1/2", MONTANTES TUBULARES 1.1/2" ESPAÇADOS DE 1,00M, FIXADO COM CHUMBADOR MECÂNICO. AF_10/2025 | H67: 20.99 | I67: M | J67: =IFERROR(IF(S67+T67<>0,ROUND(ROUND(S67,4)+ROUND(T67,4),4),""),"") -> 244.87 | K67: =IFERROR(IF(H67*J67<>0,ROUND(ROUND(H67,4)*ROUND(J67,4),2),""),"") -> 5139.82 | L67: 0.2486 | M67: 0.9612 | O67: =IF(N67="","", INDIRECT("base!"&ADDRESS(MATCH(N67,#REF!:#REF!,0)+1,4,4))) | Q67: =IF(P67="","", INDIRECT("base!"&ADDRESS(MATCH(CONCATENATE(N67,"|",P67),#REF!:#REF!,0)+1,6,4))) | S67: =TRUNC(U67+(U67*L67),2) -> 184.13 | T67: =TRUNC(V67+(V67*L67),2) -> 60.74 | U67: 147.47 | V67: 48.65
A68: 1 | B68: =IF(AND(G68<>"",H68>0,I68<>"",J68<>0,K68<>0),COUNT($B$11:B67)+1,"") -> 48 | C68: 9.4 | D68: Próprio | E68: GUARDA CORPO 1,3M + CORRIMÃO | F68: 46113 | G68: GUARDA-CORPO DE AÇO GALVANIZADO DE 1,30M, DUPLO CORRIMÃO, MONTANTES TUBULARES DE 1.1/4" ESPAÇADOS DE 1,20M, TRAVESSA SUPERIOR DE 1.1/2", GRADIL EM TUBOS HORIZONTAIS DE 1" E VERTICAIS DE 3/4", FIXADO COM ADESIVO ESTRUTURAL EPOXI. (BASE COMPOSIÇÃO SINAPI 99851) | H68: 7.1 | I68: M | J68: =IFERROR(IF(S68+T68<>0,ROUND(ROUND(S68,4)+ROUND(T68,4),4),""),"") -> 849.27 | K68: =IFERROR(IF(H68*J68<>0,ROUND(ROUND(H68,4)*ROUND(J68,4),2),""),"") -> 6029.82 | L68: 0.2486 | M68: 0.9612 | O68: =IF(N68="","", INDIRECT("base!"&ADDRESS(MATCH(N68,#REF!:#REF!,0)+1,4,4))) | Q68: =IF(P68="","", INDIRECT("base!"&ADDRESS(MATCH(CONCATENATE(N68,"|",P68),#REF!:#REF!,0)+1,6,4))) | S68: =TRUNC(U68+(U68*L68),2) -> 652.88 | T68: =TRUNC(V68+(V68*L68),2) -> 196.39 | U68: 522.89 | V68: 157.29
A69: 1 | B69: =IF(AND(G69<>"",H69>0,I69<>"",J69<>0,K69<>0),COUNT($B$11:B68)+1,"") -> 49 | C69: 9.5 | D69: SCO | E69: MAT136290 | F69: 46113 | G69: Tinta de aderencia epoxi-isocianato para superficies nao ferrosas tais como: aluminio, galvanizados, chumbo, ligas de cobre e niquel, bronze, ferro fundido e aco inox. Combativel com a tinta para isolamento eletrico | H69: 1 | I69: gl | J69: =IFERROR(IF(S69+T69<>0,ROUND(ROUND(S69,4)+ROUND(T69,4),4),""),"") -> 308.6 | K69: =IFERROR(IF(H69*J69<>0,ROUND(ROUND(H69,4)*ROUND(J69,4),2),""),"") -> 308.6 | L69: 0.2486 | M69: 0.9612 | O69: =IF(N69="","", INDIRECT("base!"&ADDRESS(MATCH(N69,#REF!:#REF!,0)+1,4,4))) | Q69: =IF(P69="","", INDIRECT("base!"&ADDRESS(MATCH(CONCATENATE(N69,"|",P69),#REF!:#REF!,0)+1,6,4))) | S69: =TRUNC(U69+(U69*L69),2) -> 308.6 | T69: =TRUNC(V69+(V69*L69),2) -> 0 | U69: 247.16 | V69: 0
A70: 1 | B70: =IF(AND(G70<>"",H70>0,I70<>"",J70<>0,K70<>0),COUNT($B$11:B69)+1,"") -> 50 | C70: 9.6 | D70: SBC | E70: 180222 | F70: 46113 | G70: PINTURA DUAS DEMAOS TINTA ESMALTE ACETINADO EM SUPERFICIE METALICA | H70: 21.38 | I70: m² | J70: =IFERROR(IF(S70+T70<>0,ROUND(ROUND(S70,4)+ROUND(T70,4),4),""),"") -> 50.56 | K70: =IFERROR(IF(H70*J70<>0,ROUND(ROUND(H70,4)*ROUND(J70,4),2),""),"") -> 1080.97 | L70: 0.2486 | M70: 0.9612 | O70: =IF(N70="","", INDIRECT("base!"&ADDRESS(MATCH(N70,#REF!:#REF!,0)+1,4,4))) | Q70: =IF(P70="","", INDIRECT("base!"&ADDRESS(MATCH(CONCATENATE(N70,"|",P70),#REF!:#REF!,0)+1,6,4))) | S70: =TRUNC(U70+(U70*L70),2) -> 11.01 | T70: =TRUNC(V70+(V70*L70),2) -> 39.55 | U70: 8.82 | V70: 31.68
G73: Montenegro, 29 de maio de 2026.
G75: Valéria Wollmann
G76: Arq. E Urb. - CAU A195685-0

Sheet Proposta
A1: PROPOSTA
A2: Modalidade | C2: =IF(Identificação!B2=0,"",Identificação!B2) -> Concorrência Lei 14.133/21 Eletrônica | E2: N° | F2: =IF(Identificação!E2=0,"",Identificação!E2) | G2: Ano | H2: =IF(Identificação!G2=0,"",Identificação!G2) -> 2026
A3: Descrição do Objeto | C3: =IF(Identificação!B3=0,"",Identificação!B3) -> Construção de Praça Infantil no Parque Centenário
A4: Licitante | G4: CNPJ*
A5: Tipo de Objeto | C5: =IF(Identificação!B5=0,"",Identificação!B5) -> Obras e Serviços de Engenharia
A6: Preço Total Proposto | C6: =SUMIFS(H12:H39877,B12:B39877,">0",H12:H39877,"<>0") -> 0
A7: Atenção! Se existirem itens sem preço proposto, deixe a célula do preço unitário proposto em branco.
A8: Para incluir itens da proposta, selecione as células A13 a K13 e arraste para baixo, de acordo com o número de itens cadastrado na planilha Orçamento-base.
A9: *Campos de preenchimento obrigatório | F9: **Obrigatório só para Obras e Serviços de Engenharia
A10: Nº do lote | B10: Nº Ordem | C10: Nº Item | D10: Descrição do item | E10: Proposta
E11: Qtd. | F11: Unid. | G11: Preço unitário (R$)* | H11: Preço Total (R$) | I11: % BDI** | J11: % Encargos Sociais** | K11: Percentual de Desconto | L11: Pr. Unit. Material | M11: Pr. Unit. Mão de obra
A12: =IF('Orçamento-base'!A12>0,'Orçamento-base'!A12,"") -> 1 | B12: ='Orçamento-base'!B12 | C12: =IF('Orçamento-base'!C12>0,'Orçamento-base'!C12,"") -> 1 | D12: =IF('Orçamento-base'!G12>0,'Orçamento-base'!G12,"") -> Serviços preliminares | E12: =IF('Orçamento-base'!H12>0,'Orçamento-base'!H12,"") | F12: =IF('Orçamento-base'!I12>0,'Orçamento-base'!I12,"") | G12: =IFERROR(IF(L12+M12<>0,ROUND(ROUND(L12,4)+ROUND(M12,4),4),""),"") | H12: =IFERROR(IF(E12*G12<>0,ROUND(ROUND(E12,4)*ROUND(G12,4),2),""),"")
A13: =IF('Orçamento-base'!A13>0,'Orçamento-base'!A13,"") -> 1 | B13: ='Orçamento-base'!B13 -> 1 | C13: =IF('Orçamento-base'!C13>0,'Orçamento-base'!C13,"") -> 1.1 | D13: =IF('Orçamento-base'!G13>0,'Orçamento-base'!G13,"") -> FORNECIMENTO E INSTALAÇÃO DE PLACA DE OBRA COM CHAPA GALVANIZADA E ESTRUTURA DE MADEIRA. AF_03/2022_PS | E13: =IF('Orçamento-base'!H13>0,'Orçamento-base'!H13,"") -> 2.5 | F13: =IF('Orçamento-base'!I13>0,'Orçamento-base'!I13,"") -> m² | G13: =IFERROR(IF(L13+M13<>0,ROUND(ROUND(L13,4)+ROUND(M13,4),4),""),"") | H13: =IFERROR(IF(E13*G13<>0,ROUND(ROUND(E13,4)*ROUND(G13,4),2),""),"")
A14: =IF('Orçamento-base'!A14>0,'Orçamento-base'!A14,"") -> 1 | B14: ='Orçamento-base'!B14 -> 2 | C14: =IF('Orçamento-base'!C14>0,'Orçamento-base'!C14,"") -> 1.2 | D14: =IF('Orçamento-base'!G14>0,'Orçamento-base'!G14,"") -> ARQUITETO DE OBRA JUNIOR COM ENCARGOS COMPLEMENTARES | E14: =IF('Orçamento-base'!H14>0,'Orçamento-base'!H14,"") -> 24 | F14: =IF('Orçamento-base'!I14>0,'Orçamento-base'!I14,"") -> H | G14: =IFERROR(IF(L14+M14<>0,ROUND(ROUND(L14,4)+ROUND(M14,4),4),""),"") | H14: =IFERROR(IF(E14*G14<>0,ROUND(ROUND(E14,4)*ROUND(G14,4),2),""),"")
A15: =IF('Orçamento-base'!A15>0,'Orçamento-base'!A15,"") -> 1 | B15: ='Orçamento-base'!B15 -> 3 | C15: =IF('Orçamento-base'!C15>0,'Orçamento-base'!C15,"") -> 1.3 | D15: =IF('Orçamento-base'!G15>0,'Orçamento-base'!G15,"") -> TOPOGRAFO COM ENCARGOS COMPLEMENTARES | E15: =IF('Orçamento-base'!H15>0,'Orçamento-base'!H15,"") -> 16 | F15: =IF('Orçamento-base'!I15>0,'Orçamento-base'!I15,"") -> H | G15: =IFERROR(IF(L15+M15<>0,ROUND(ROUND(L15,4)+ROUND(M15,4),4),""),"") | H15: =IFERROR(IF(E15*G15<>0,ROUND(ROUND(E15,4)*ROUND(G15,4),2),""),"")
A16: =IF('Orçamento-base'!A16>0,'Orçamento-base'!A16,"") -> 1 | B16: ='Orçamento-base'!B16 -> 4 | C16: =IF('Orçamento-base'!C16>0,'Orçamento-base'!C16,"") -> 1.4 | D16: =IF('Orçamento-base'!G16>0,'Orçamento-base'!G16,"") -> REGULARIZAÇÃO DE SUPERFÍCIES COM MOTONIVELADORA. AF_09/2024 | E16: =IF('Orçamento-base'!H16>0,'Orçamento-base'!H16,"") -> 1410.2 | F16: =IF('Orçamento-base'!I16>0,'Orçamento-base'!I16,"") -> m² | G16: =IFERROR(IF(L16+M16<>0,ROUND(ROUND(L16,4)+ROUND(M16,4),4),""),"") | H16: =IFERROR(IF(E16*G16<>0,ROUND(ROUND(E16,4)*ROUND(G16,4),2),""),"")
A17: =IF('Orçamento-base'!A17>0,'Orçamento-base'!A17,"") -> 1 | B17: ='Orçamento-base'!B17 -> 5 | C17: =IF('Orçamento-base'!C17>0,'Orçamento-base'!C17,"") -> 1.5 | D17: =IF('Orçamento-base'!G17>0,'Orçamento-base'!G17,"") -> ARGILA OU BARRO PARA ATERRO/REATERRO (RETIRADO NA JAZIDA, SEM TRANSPORTE) | E17: =IF('Orçamento-base'!H17>0,'Orçamento-base'!H17,"") -> 117.14724 | F17: =IF('Orçamento-base'!I17>0,'Orçamento-base'!I17,"") -> m³ | G17: =IFERROR(IF(L17+M17<>0,ROUND(ROUND(L17,4)+ROUND(M17,4),4),""),"") | H17: =IFERROR(IF(E17*G17<>0,ROUND(ROUND(E17,4)*ROUND(G17,4),2),""),"")
A18: =IF('Orçamento-base'!A18>0,'Orçamento-base'!A18,"") -> 1 | B18: ='Orçamento-base'!B18 -> 6 | C18: =IF('Orçamento-base'!C18>0,'Orçamento-base'!C18,"") -> 1.6 | D18: =IF('Orçamento-base'!G18>0,'Orçamento-base'!G18,"") -> CONSTRUÇÃO DE BASE E SUB-BASE PARA PAVIMENTAÇÃO DE BRITA GRADUADA SIMPLES - EXCLUSIVE CARGA E TRANSPORTE. AF_09/2024 | E18: =IF('Orçamento-base'!H18>0,'Orçamento-base'!H18,"") -> 9.477 | F18: =IF('Orçamento-base'!I18>0,'Orçamento-base'!I18,"") -> m³ | G18: =IFERROR(IF(L18+M18<>0,ROUND(ROUND(L18,4)+ROUND(M18,4),4),""),"") | H18: =IFERROR(IF(E18*G18<>0,ROUND(ROUND(E18,4)*ROUND(G18,4),2),""),"")
A19: =IF('Orçamento-base'!A19>0,'Orçamento-base'!A19,"") -> 1 | B19: ='Orçamento-base'!B19 -> 7 | C19: =IF('Orçamento-base'!C19>0,'Orçamento-base'!C19,"") -> 1.7 | D19: =IF('Orçamento-base'!G19>0,'Orçamento-base'!G19,"") -> TRANSPORTE COM CAMINHÃO BASCULANTE DE 6 M³, EM VIA URBANA PAVIMENTADA, DMT ATÉ 30 KM (UNIDADE: M3XKM). AF_02/2026 - BRITA E ATERRO | E19: =IF('Orçamento-base'!H19>0,'Orçamento-base'!H19,"") -> 1556.304 | F19: =IF('Orçamento-base'!I19>0,'Orçamento-base'!I19,"") -> M3XKM | G19: =IFERROR(IF(L19+M19<>0,ROUND(ROUND(L19,4)+ROUND(M19,4),4),""),"") | H19: =IFERROR(IF(E19*G19<>0,ROUND(ROUND(E19,4)*ROUND(G19,4),2),""),"")
A20: =IF('Orçamento-base'!A20>0,'Orçamento-base'!A20,"") -> 1 | B20: ='Orçamento-base'!B20 -> 8 | C20: =IF('Orçamento-base'!C20>0,'Orçamento-base'!C20,"") -> 1.8 | D20: =IF('Orçamento-base'!G20>0,'Orçamento-base'!G20,"") -> Mobilização e desmobilização de equipamentos - Cavalo mecânico com semirreboque com capacidade de 32 t - 302 kW | E20: =IF('Orçamento-base'!H20>0,'Orçamento-base'!H20,"") -> 2 | F20: =IF('Orçamento-base'!I20>0,'Orçamento-base'!I20,"") -> H | G20: =IFERROR(IF(L20+M20<>0,ROUND(ROUND(L20,4)+ROUND(M20,4),4),""),"") | H20: =IFERROR(IF(E20*G20<>0,ROUND(ROUND(E20,4)*ROUND(G20,4),2),""),"")
A21: =IF('Orçamento-base'!A21>0,'Orçamento-base'!A21,"") -> 1 | B21: ='Orçamento-base'!B21 -> 9 | C21: =IF('Orçamento-base'!C21>0,'Orçamento-base'!C21,"") -> 1.9 | D21: =IF('Orçamento-base'!G21>0,'Orçamento-base'!G21,"") -> ISOLAMENTO DE OBRA COM TELA PLÁSTICA | E21: =IF('Orçamento-base'!H21>0,'Orçamento-base'!H21,"") -> 137.5 | F21: =IF('Orçamento-base'!I21>0,'Orçamento-base'!I21,"") -> M | G21: =IFERROR(IF(L21+M21<>0,ROUND(ROUND(L21,4)+ROUND(M21,4),4),""),"") | H21: =IFERROR(IF(E21*G21<>0,ROUND(ROUND(E21,4)*ROUND(G21,4),2),""),"")
A22: =IF('Orçamento-base'!A22>0,'Orçamento-base'!A22,"") -> 1 | B22: ='Orçamento-base'!B22 | C22: =IF('Orçamento-base'!C22>0,'Orçamento-base'!C22,"") -> 2 | D22: =IF('Orçamento-base'!G22>0,'Orçamento-base'!G22,"") -> Drenagem | E22: =IF('Orçamento-base'!H22>0,'Orçamento-base'!H22,"") | F22: =IF('Orçamento-base'!I22>0,'Orçamento-base'!I22,"") | G22: =IFERROR(IF(L22+M22<>0,ROUND(ROUND(L22,4)+ROUND(M22,4),4),""),"") | H22: =IFERROR(IF(E22*G22<>0,ROUND(ROUND(E22,4)*ROUND(G22,4),2),""),"")
A23: =IF('Orçamento-base'!A23>0,'Orçamento-base'!A23,"") -> 1 | B23: ='Orçamento-base'!B23 -> 10 | C23: =IF('Orçamento-base'!C23>0,'Orçamento-base'!C23,"") -> 2.1 | D23: =IF('Orçamento-base'!G23>0,'Orçamento-base'!G23,"") -> DRENO (SEÇÃO 0,50 X 0,50 M), COM 1 TUBO DE PEAD CORRUGADO PERFURADO, DN 160 MM, ENCHIMENTO COM BRITA 3, ENVOLVIDO COM MANTA GEOTÊXTIL, COM SELO DE AREIA MÉDIA. (Base 102680) | E23: =IF('Orçamento-base'!H23>0,'Orçamento-base'!H23,"") -> 97.67 | F23: =IF('Orçamento-base'!I23>0,'Orçamento-base'!I23,"") -> M | G23: =IFERROR(IF(L23+M23<>0,ROUND(ROUND(L23,4)+ROUND(M23,4),4),""),"") | H23: =IFERROR(IF(E23*G23<>0,ROUND(ROUND(E23,4)*ROUND(G23,4),2),""),"")
... A70: =IF('Orçamento-base'!A70>0,'Orçamento-base'!A70,"") -> 1 | B70: ='Orçamento-base'!B70 -> 50 | C70: =IF('Orçamento-base'!C70>0,'Orçamento-base'!C70,"") -> 9.6 | D70: =IF('Orçamento-base'!G70>0,'Orçamento-base'!G70,"") -> PINTURA DUAS DEMAOS TINTA ESMALTE ACETINADO EM SUPERFICIE METALICA | E70: =IF('Orçamento-base'!H70>0,'Orçamento-base'!H70,"") -> 21.38 | F70: =IF('Orçamento-base'!I70>0,'Orçamento-base'!I70,"") -> m² | G70: =IFERROR(IF(L70+M70<>0,ROUND(ROUND(L70,4)+ROUND(M70,4),4),""),"") | H70: =IFERROR(IF(E70*G70<>0,ROUND(ROUND(E70,4)*ROUND(G70,4),2),""),"")

Sheet Cronograma
B2: CRONOGRAMA DE EXECUÇÃO
B3: Estado do Rio Grande do Sul
B4: Prefeitura Municipal de Montenegro
B5: Secretaria Municipal de Gestão e Planejamento
B6: OBRA: | C6: ='Orçamento-base'!C3:K3 -> Construção de Praça Infantil no Parque Centenário
B8: Item | C8: Descrição dos Serviços | D8: VALOR TOTAL | E8: MÊS 1 | G8: MÊS 2 | I8: MÊS 3 | K8: MÊS 4 | M8: MÊS 5
E9: % | F9: VALOR | G9: % | H9: VALOR | I9: % | J9: VALOR | K9: % | L9: VALOR | M9: % | N9: VALOR
B10: ='Orçamento-base'!C12 -> 1 | C10: ='Orçamento-base'!G12 -> Serviços preliminares | D10: ='Orçamento-base'!K12
B11: ='Orçamento-base'!C13 -> 1.1 | C11: ='Orçamento-base'!G13 -> FORNECIMENTO E INSTALAÇÃO DE PLACA DE OBRA COM CHAPA GALVANIZADA E ESTRUTURA DE MADEIRA. AF_03/2022_PS | D11: ='Orçamento-base'!K13 -> 1536.25 | E11: 1 | F11: =E11*D11 -> 1536.25 | G11: 0 | H11: =G11*D11 -> 0 | I11: 0 | J11: =I11*D11 -> 0 | K11: 0 | L11: =K11*D11 -> 0 | M11: 0 | N11: =M11*D11 -> 0
B12: ='Orçamento-base'!C14 -> 1.2 | C12: ='Orçamento-base'!G14 -> ARQUITETO DE OBRA JUNIOR COM ENCARGOS COMPLEMENTARES | D12: ='Orçamento-base'!K14 -> 3771.6 | E12: 0.2 | F12: =E12*D12 -> 754.32 | G12: 0.2 | H12: =G12*D12 -> 754.32 | I12: 0.2 | J12: =I12*D12 -> 754.32 | K12: 0.2 | L12: =K12*D12 -> 754.32 | M12: 0.2 | N12: =M12*D12 -> 754.32
B13: ='Orçamento-base'!C15 -> 1.3 | C13: ='Orçamento-base'!G15 -> TOPOGRAFO COM ENCARGOS COMPLEMENTARES | D13: ='Orçamento-base'!K15 -> 891.36 | E13: 1 | F13: =E13*D13 -> 891.36 | G13: 0 | H13: =G13*D13 -> 0 | I13: 0 | J13: =I13*D13 -> 0 | K13: 0 | L13: =K13*D13 -> 0 | M13: 0 | N13: =M13*D13 -> 0
B14: ='Orçamento-base'!C16 -> 1.4 | C14: ='Orçamento-base'!G16 -> REGULARIZAÇÃO DE SUPERFÍCIES COM MOTONIVELADORA. AF_09/2024 | D14: ='Orçamento-base'!K16 -> 1029.45 | E14: 1 | F14: =E14*D14 -> 1029.45 | G14: 0 | H14: =G14*D14 -> 0 | I14: 0 | J14: =I14*D14 -> 0 | K14: 0 | L14: =K14*D14 -> 0 | M14: 0 | N14: =M14*D14 -> 0
B15: ='Orçamento-base'!C17 -> 1.5 | C15: ='Orçamento-base'!G17 -> ARGILA OU BARRO PARA ATERRO/REATERRO (RETIRADO NA JAZIDA, SEM TRANSPORTE) | D15: ='Orçamento-base'!K17 -> 5997.94 | E15: 1 | F15: =E15*D15 -> 5997.94 | G15: 0 | H15: =G15*D15 -> 0 | I15: 0 | J15: =I15*D15 -> 0 | K15: 0 | L15: =K15*D15 -> 0 | M15: 0 | N15: =M15*D15 -> 0
B16: ='Orçamento-base'!C18 -> 1.6 | C16: ='Orçamento-base'!G18 -> CONSTRUÇÃO DE BASE E SUB-BASE PARA PAVIMENTAÇÃO DE BRITA GRADUADA SIMPLES - EXCLUSIVE CARGA E TRANSPORTE. AF_09/2024 | D16: ='Orçamento-base'!K18 -> 2050.25 | E16: 1 | F16: =E16*D16 -> 2050.25 | G16: 0 | H16: =G16*D16 -> 0 | I16: 0 | J16: =I16*D16 -> 0 | K16: 0 | L16: =K16*D16 -> 0 | M16: 0 | N16: =M16*D16 -> 0
B17: ='Orçamento-base'!C19 -> 1.7 | C17: ='Orçamento-base'!G19 -> TRANSPORTE COM CAMINHÃO BASCULANTE DE 6 M³, EM VIA URBANA PAVIMENTADA, DMT ATÉ 30 KM (UNIDADE: M3XKM). AF_02/2026 - BRITA E ATERRO | D17: ='Orçamento-base'!K19 -> 6645.42 | E17: 1 | F17: =E17*D17 -> 6645.42 | G17: 0 | H17: =G17*D17 -> 0 | I17: 0 | J17: =I17*D17 -> 0 | K17: 0 | L17: =K17*D17 -> 0 | M17: 0 | N17: =M17*D17 -> 0
B18: ='Orçamento-base'!C20 -> 1.8 | C18: ='Orçamento-base'!G20 -> Mobilização e desmobilização de equipamentos - Cavalo mecânico com semirreboque com capacidade de 32 t - 302 kW | D18: ='Orçamento-base'!K20 -> 1164.48 | E18: 1 | F18: =E18*D18 -> 1164.48 | G18: 0 | H18: =G18*D18 -> 0 | I18: 0 | J18: =I18*D18 -> 0 | K18: 0 | L18: =K18*D18 -> 0 | M18: 0 | N18: =M18*D18 -> 0
B19: ='Orçamento-base'!C21 -> 1.9 | C19: ='Orçamento-base'!G21 -> ISOLAMENTO DE OBRA COM TELA PLÁSTICA | D19: ='Orçamento-base'!K21 -> 2120.25 | E19: 1 | F19: =E19*D19 -> 2120.25 | G19: 0 | H19: =G19*D19 -> 0 | I19: 0 | J19: =I19*D19 -> 0 | K19: 0 | L19: =K19*D19 -> 0 | M19: 0 | N19: =M19*D19 -> 0
B20: ='Orçamento-base'!C22 -> 2 | C20: ='Orçamento-base'!G22 -> Drenagem | D20: ='Orçamento-base'!K22
B21: ='Orçamento-base'!C23 -> 2.1 | C21: ='Orçamento-base'!G23 -> DRENO (SEÇÃO 0,50 X 0,50 M), COM 1 TUBO DE PEAD CORRUGADO PERFURADO, DN 160 MM, ENCHIMENTO COM BRITA 3, ENVOLVIDO COM MANTA GEOTÊXTIL, COM SELO DE AREIA MÉDIA. (Base 102680) | D21: ='Orçamento-base'!K23 -> 12211.68 | E21: 0 | F21: =E21*D21 -> 0 | G21: 1 | H21: =G21*D21 -> 12211.68 | I21: 0 | J21: =I21*D21 -> 0 | K21: 0 | L21: =K21*D21 -> 0 | M21: 0 | N21: =M21*D21 -> 0
B22: ='Orçamento-base'!C24 -> 2.2 | C22: ='Orçamento-base'!G24 -> CAIXA COM GRELHA SIMPLES RETANGULAR, EM CONCRETO PRÉ-MOLDADO, DIMENSÕES INTERNAS: 0,6X1,0X1,0 M. AF_12/2020 | D22: ='Orçamento-base'!K24 -> 1519.19 | E22: 0 | F22: =E22*D22 -> 0 | G22: 1 | H22: =G22*D22 -> 1519.19 | I22: 0 | J22: =I22*D22 -> 0 | K22: 0 | L22: =K22*D22 -> 0 | M22: 0 | N22: =M22*D22 -> 0
B23: ='Orçamento-base'!C25 -> 2.3 | C23: ='Orçamento-base'!G25 -> RECOMPOSIÇÃO DE PAVIMENTO EM PISO INTERTRAVADO, COM REAPROVEITAMENTO DOS BLOCOS INTERTRAVADOS, PARA FECHAMENTO DE VALAS - INCLUSO RETIRADA E COLOCAÇÃO DO MATERIAL. AF_12/2020 | D23: ='Orçamento-base'!K25 -> 322.77 | E23: 0 | F23: =E23*D23 -> 0 | G23: 1 | H23: =G23*D23 -> 322.77 | I23: 0 | J23: =I23*D23 -> 0 | K23: 0 | L23: =K23*D23 -> 0 | M23: 0 | N23: =M23*D23 -> 0
B24: ='Orçamento-base'!C26 -> 2.4 | C24: ='Orçamento-base'!G26 -> ESCAVAÇÃO MECANIZADA DE VALA COM PROFUNDIDADE ATÉ 1,5 M (MÉDIA MONTANTE E JUSANTE/UMA COMPOSIÇÃO POR TRECHO), RETROESCAV. (0,26 M3), LARGURA DE 0,8 M A 1,5 M, EM SOLO DE 1A CATEGORIA, LOCAIS COM BAIXO NÍVEL DE INTERFERÊNCIA. AF_09/2024 | D24: ='Orçamento-base'!K26 -> 123.58 | E24: 0 | F24: =E24*D24 -> 0 | G24: 1 | H24: =G24*D24 -> 123.58 | I24: 0 | J24: =I24*D24 -> 0 | K24: 0 | L24: =K24*D24 -> 0 | M24: 0 | N24: =M24*D24 -> 0
B25: ='Orçamento-base'!C27 -> 2.5 | C25: ='Orçamento-base'!G27 -> TUBO DE PVC PARA REDE COLETORA DE ESGOTO DE PAREDE MACIÇA, DN 200 MM, JUNTA ELÁSTICA - FORNECIMENTO E ASSENTAMENTO. AF_01/2021 | D25: ='Orçamento-base'!K27 -> 2106.34 | E25: 0 | F25: =E25*D25 -> 0 | G25: 1 | H25: =G25*D25 -> 2106.34 | I25: 0 | J25: =I25*D25 -> 0 | K25: 0 | L25: =K25*D25 -> 0 | M25: 0 | N25: =M25*D25 -> 0
B26: ='Orçamento-base'!C28 -> 2.6 | C26: ='Orçamento-base'!G28 -> REATERRO MECANIZADO DE VALA COM MINICARREGADEIRA, COM PLACA VIBRATÓRIA. AF_08/2023 | D26: ='Orçamento-base'!K28 -> 365.83 | E26: 0 | F26: =E26*D26 -> 0 | G26: 1 | H26: =G26*D26 -> 365.83 | I26: 0 | J26: =I26*D26 -> 0 | K26: 0 | L26: =K26*D26 -> 0 | M26: 0 | N26: =M26*D26 -> 0
B27: ='Orçamento-base'!C29 -> 2.7 | C27: ='Orçamento-base'!G29 -> PREPARO DE FUNDO DE VALA COM LARGURA MENOR QUE 1,5 M, COM CAMADA DE AREIA, LANÇAMENTO MANUAL. AF_01/2026 | D27: ='Orçamento-base'!K29 -> 359.52 | E27: 0 | F27: =E27*D27 -> 0 | G27: 1 | H27: =G27*D27 -> 359.52 | I27: 0 | J27: =I27*D27 -> 0 | K27: 0 | L27: =K27*D27 -> 0 | M27: 0 | N27: =M27*D27 -> 0
B28: ='Orçamento-base'!C30 -> 3 | C28: ='Orçamento-base'!G30 -> Contrapiso e SBR | D28: ='Orçamento-base'!K30
B29: ='Orçamento-base'!C31 -> 3.1 | C29: ='Orçamento-base'!G31 -> EXECUÇÃO DE RADIER, ESPESSURA DE 10 CM, FCK = 30 MPA, COM USO DE FORMAS EM MADEIRA SERRADA. AF_09/2021 | D29: ='Orçamento-base'!K31 -> 128735.11 | E29: 0 | F29: =E29*D29 -> 0 | G29: 0.2 | H29: =G29*D29 -> 25747.022 | I29: 0.8 | J29: =I29*D29 -> 102988.09 | K29: 0 | L29: =K29*D29 -> 0 | M29: 0 | N29: =M29*D29 -> 0
B30: ='Orçamento-base'!C32 -> 3.2 | C30: ='Orçamento-base'!G32 -> TRATAMENTO DE JUNTA DE DILATAÇÃO, COM TARUGO DE POLIETILENO E SELANTE PU, INCLUSO PREENCHIMENTO COM ESPUMA EXPANSIVA PU. AF_09/2023 | D30: ='Orçamento-base'!K32 -> 3310.18 | E30: 0 | F30: =E30*D30 -> 0 | G30: 0 | H30: =G30*D30 -> 0 | I30: 1 | J30: =I30*D30 -> 3310.18 | K30: 0 | L30: =K30*D30 -> 0 | M30: 0 | N30: =M30*D30 -> 0
B31: ='Orçamento-base'!C33 -> 3.3 | C31: ='Orçamento-base'!G33 -> Fornecimento e instalação de piso em SBR monolítico, com 45mm de espessura, conforme memorial descritivo | D31: ='Orçamento-base'!K33 -> 273387.64 | E31: 0 | F31: =E31*D31 -> 0 | G31: 0 | H31: =G31*D31 -> 0 | I31: 0 | J31: =I31*D31 -> 0 | K31: 1 | L31: =K31*D31 -> 273387.64 | M31: 0 | N31: =M31*D31 -> 0
B32: ='Orçamento-base'!C34 -> 4 | C32: ='Orçamento-base'!G34 -> Instalação dos brinquedos | D32: ='Orçamento-base'!K34
B33: ='Orçamento-base'!C35 -> 4.1 | C33: ='Orçamento-base'!G35 -> Playground 4 torres, conforme memorial descritivo - Fornecimento e Instalação | D33: ='Orçamento-base'!K35 -> 105720.42 | E33: 0 | F33: =E33*D33 -> 0 | G33: 0 | H33: =G33*D33 -> 0 | I33: 0 | J33: =I33*D33 -> 0 | K33: 0 | L33: =K33*D33 -> 0 | M33: 1 | N33: =M33*D33 -> 105720.42
B34: ='Orçamento-base'!C36 -> 4.2 | C34: ='Orçamento-base'!G36 -> PRACA - BALANCO COM 2 CADEIRAS, ESTRUTURA EM TUBO DE ACO CARBONO, PINTURA NO PROCESSO ELETROSTATICO E CORRENTES | D34: ='Orçamento-base'!K36 -> 4313.64 | E34: 0 | F34: =E34*D34 -> 0 | G34: 0 | H34: =G34*D34 -> 0 | I34: 0 | J34: =I34*D34 -> 0 | K34: 0 | L34: =K34*D34 -> 0 | M34: 1 | N34: =M34*D34 -> 4313.64
B35: ='Orçamento-base'!C37 -> 4.3 | C35: ='Orçamento-base'!G37 -> PRACA - GIRA-GIRA PARA PARQUINHO INFANTIL, 1,50m (8 LUGARES), METALICO EM TUBOS DE ACO CARBONO PINTADOS, ASSENTOS EM MADEIRA PINTADA, HASTE / BASE PARA CHUMBAMENTO | D35: ='Orçamento-base'!K37 -> 2475.06 | E35: 0 | F35: =E35*D35 -> 0 | G35: 0 | H35: =G35*D35 -> 0 | I35: 0 | J35: =I35*D35 -> 0 | K35: 0 | L35: =K35*D35 -> 0 | M35: 1 | N35: =M35*D35 -> 2475.06
B36: ='Orçamento-base'!C38 -> 4.4 | C36: ='Orçamento-base'!G38 -> Gangorra com 3 pranchas em aço industrial ou madeira (Sergipark ou similar) | D36: ='Orçamento-base'!K38 -> 4702.61 | E36: 0 | F36: =E36*D36 -> 0 | G36: 0 | H36: =G36*D36 -> 0 | I36: 0 | J36: =I36*D36 -> 0 | K36: 0 | L36: =K36*D36 -> 0 | M36: 1 | N36: =M36*D36 -> 4702.61
B37: ='Orçamento-base'!C39 -> 4.5 | C37: ='Orçamento-base'!G39 -> Escalada Globo/Meia Lua, conforme memorial descritivo - Fornecimento e Instalação | D37: ='Orçamento-base'!K39 -> 6534.15 | E37: 0 | F37: =E37*D37 -> 0 | G37: 0 | H37: =G37*D37 -> 0 | I37: 0 | J37: =I37*D37 -> 0 | K37: 0 | L37: =K37*D37 -> 0 | M37: 1 | N37: =M37*D37 -> 6534.15
B38: ='Orçamento-base'!C40 -> 4.6 | C38: ='Orçamento-base'!G40 -> Trepa Trepa Geodésico (Scandere Domos/Domo de escalada), conforme memorial descritivo - Fornecimento e Instalação | D38: ='Orçamento-base'!K40 -> 6555.96 | E38: 0 | F38: =E38*D38 -> 0 | G38: 0 | H38: =G38*D38 -> 0 | I38: 0 | J38: =I38*D38 -> 0 | K38: 0 | L38: =K38*D38 -> 0 | M38: 1 | N38: =M38*D38 -> 6555.96
B39: ='Orçamento-base'!C41 -> 5 | C39: ='Orçamento-base'!G41 -> Mobiliário | D39: ='Orçamento-base'!K41
B40: ='Orçamento-base'!C42 -> 5.1 | C40: ='Orçamento-base'!G42 -> BANCO EM CONCRETO ARMADO 0,6X3X0,45 | D40: ='Orçamento-base'!K42 -> 14898.9 | E40: 0 | F40: =E40*D40 -> 0 | G40: 0 | H40: =G40*D40 -> 0 | I40: 1 | J40: =I40*D40 -> 14898.9 | K40: 0 | L40: =K40*D40 -> 0 | M40: 0 | N40: =M40*D40 -> 0
B41: ='Orçamento-base'!C43 -> 5.2 | C41: ='Orçamento-base'!G43 -> MESA EM CONCRETO ARMADO 0,5X1,5X0,3 | D41: ='Orçamento-base'!K43 -> 3938.4 | E41: 0 | F41: =E41*D41 -> 0 | G41: 0 | H41: =G41*D41 -> 0 | I41: 1 | J41: =I41*D41 -> 3938.4 | K41: 0 | L41: =K41*D41 -> 0 | M41: 0 | N41: =M41*D41 -> 0
B42: ='Orçamento-base'!C44 -> 6 | C42: ='Orçamento-base'!G44 -> Instalações elétricas | D42: ='Orçamento-base'!K44
B43: ='Orçamento-base'!C45 -> 6.1 | C43: ='Orçamento-base'!G45 -> ESCAVAÇÃO MANUAL DE VALA. AF_09/2024 | D43: ='Orçamento-base'!K45 -> 1113.22 | E43: 0 | F43: =E43*D43 -> 0 | G43: 1 | H43: =G43*D43 -> 1113.22 | I43: 0 | J43: =I43*D43 -> 0 | K43: 0 | L43: =K43*D43 -> 0 | M43: 0 | N43: =M43*D43 -> 0
B44: ='Orçamento-base'!C46 -> 6.2 | C44: ='Orçamento-base'!G46 -> REATERRO MANUAL DE VALAS, COM PLACA VIBRATÓRIA. AF_08/2023 | D44: ='Orçamento-base'!K46 -> 284.06 | E44: 0 | F44: =E44*D44 -> 0 | G44: 1 | H44: =G44*D44 -> 284.06 | I44: 0 | J44: =I44*D44 -> 0 | K44: 0 | L44: =K44*D44 -> 0 | M44: 0 | N44: =M44*D44 -> 0
B45: ='Orçamento-base'!C47 -> 6.3 | C45: ='Orçamento-base'!G47 -> ELETRODUTO FLEXÍVEL CORRUGADO, PEAD, DN 50 (1 1/2"), PARA REDE ENTERRADA DE DISTRIBUIÇÃO DE ENERGIA ELÉTRICA - FORNECIMENTO E INSTALAÇÃO. AF_12/2021 | D45: ='Orçamento-base'!K47 -> 904.32 | E45: 0 | F45: =E45*D45 -> 0 | G45: 1 | H45: =G45*D45 -> 904.32 | I45: 0 | J45: =I45*D45 -> 0 | K45: 0 | L45: =K45*D45 -> 0 | M45: 0 | N45: =M45*D45 -> 0
B46: ='Orçamento-base'!C48 -> 6.4 | C46: ='Orçamento-base'!G48 -> INSTALAÇÃO DE BALIZADOR METÁLICO SOBRE BLOCO DE CONCRETO - (BASE SINAPI 103312) | D46: ='Orçamento-base'!K48 -> 1267.5 | E46: 0 | F46: =E46*D46 -> 0 | G46: 1 | H46: =G46*D46 -> 1267.5 | I46: 0 | J46: =I46*D46 -> 0 | K46: 0 | L46: =K46*D46 -> 0 | M46: 0 | N46: =M46*D46 -> 0
B47: ='Orçamento-base'!C49 -> 6.5 | C47: ='Orçamento-base'!G49 -> POSTE BALIZADOR PARA JARDIM, EM ALUMINIO E VIDRO, COR PRETO, IP65, BIVOLT | D47: ='Orçamento-base'!K49 -> 5303.25 | E47: 0 | F47: =E47*D47 -> 0 | G47: 1 | H47: =G47*D47 -> 5303.25 | I47: 0 | J47: =I47*D47 -> 0 | K47: 0 | L47: =K47*D47 -> 0 | M47: 0 | N47: =M47*D47 -> 0
B48: ='Orçamento-base'!C50 -> 6.6 | C48: ='Orçamento-base'!G50 -> CABO MULTIPOLAR DE COBRE, FLEXIVEL, CLASSE 4 OU 5, ISOLACAO EM HEPR, COBERTURA EM PVC-ST2, ANTICHAMA BWF-B, 0,6/1 KV, 3 CONDUTORES DE 2,5 MM2 | D48: ='Orçamento-base'!K50 -> 980.45 | E48: 0 | F48: =E48*D48 -> 0 | G48: 1 | H48: =G48*D48 -> 980.45 | I48: 0 | J48: =I48*D48 -> 0 | K48: 0 | L48: =K48*D48 -> 0 | M48: 0 | N48: =M48*D48 -> 0
B49: ='Orçamento-base'!C51 -> 7 | C49: ='Orçamento-base'!G51 -> Paisagismo | D49: ='Orçamento-base'!K51
B50: ='Orçamento-base'!C52 -> 7.1 | C50: ='Orçamento-base'!G52 -> ESPALHAMENTO DE TERRA VEGETAL PARA O PLANTIO. AF_07/2024 | D50: ='Orçamento-base'!K52 -> 3328.19 | E50: 0 | F50: =E50*D50 -> 0 | G50: 0 | H50: =G50*D50 -> 0 | I50: 0 | J50: =I50*D50 -> 0 | K50: 0 | L50: =K50*D50 -> 0 | M50: 1 | N50: =M50*D50 -> 3328.19
B51: ='Orçamento-base'!C53 -> 7.2 | C51: ='Orçamento-base'!G53 -> PLANTIO DE GRAMA ESMERALDA OU SÃO CARLOS OU CURITIBANA, EM PLACAS. AF_07/2024 | D51: ='Orçamento-base'!K53 -> 22021.46 | E51: 0 | F51: =E51*D51 -> 0 | G51: 0 | H51: =G51*D51 -> 0 | I51: 0 | J51: =I51*D51 -> 0 | K51: 0 | L51: =K51*D51 -> 0 | M51: 1 | N51: =M51*D51 -> 22021.46
B52: ='Orçamento-base'!C54 -> 7.3 | C52: ='Orçamento-base'!G54 -> Planta - Especie vegetal nativa com CAP (Circunferencia na Altura do Peito) entre 0,20 e 0,25m e altura entre 3,50 e 4,00m. Registro Nacional de Sementes e Mudas (RENASEM) obrigatorio. | D52: ='Orçamento-base'!K54 -> 6742.44 | E52: 0 | F52: =E52*D52 -> 0 | G52: 0 | H52: =G52*D52 -> 0 | I52: 0 | J52: =I52*D52 -> 0 | K52: 0 | L52: =K52*D52 -> 0 | M52: 1 | N52: =M52*D52 -> 6742.44
B53: ='Orçamento-base'!C55 -> 7.4 | C53: ='Orçamento-base'!G55 -> PLANTIO DE FORRAÇÃO. AF_07/2024 | D53: ='Orçamento-base'!K55 -> 1751.54 | E53: 0 | F53: =E53*D53 -> 0 | G53: 0 | H53: =G53*D53 -> 0 | I53: 0 | J53: =I53*D53 -> 0 | K53: 0 | L53: =K53*D53 -> 0 | M53: 1 | N53: =M53*D53 -> 1751.54
B54: ='Orçamento-base'!C56 -> 7.5 | C54: ='Orçamento-base'!G56 -> Especies vegetais com altura de (0,40 a 1,50)m, tipo Arundina Bambusifolia (Orquidea Bambu), Jatropha Podagrica (Batata do Inferno), Strelitzia Reginae (Flor Ave do Paraiso), Heliconia Angusta (Falsa Ave do Paraiso) ou similar e considerando 8 mudas por m2. Fornecimento. | D54: ='Orçamento-base'!K56 -> 17077.4 | E54: 0 | F54: =E54*D54 -> 0 | G54: 0 | H54: =G54*D54 -> 0 | I54: 0 | J54: =I54*D54 -> 0 | K54: 0 | L54: =K54*D54 -> 0 | M54: 1 | N54: =M54*D54 -> 17077.4
B55: ='Orçamento-base'!C57 -> 7.6 | C55: ='Orçamento-base'!G57 -> LIMITADOR GRAMA PVC RECICLADO - LINHA PL ANA | D55: ='Orçamento-base'!K57 -> 175.71 | E55: 0 | F55: =E55*D55 -> 0 | G55: 0 | H55: =G55*D55 -> 0 | I55: 0 | J55: =I55*D55 -> 0 | K55: 0 | L55: =K55*D55 -> 0 | M55: 1 | N55: =M55*D55 -> 175.71
B56: ='Orçamento-base'!C58 -> 8 | C56: ='Orçamento-base'!G58 -> Paisagismo Espaço de Food Trucks | D56: ='Orçamento-base'!K58
B57: ='Orçamento-base'!C59 -> 8.1 | C57: ='Orçamento-base'!G59 -> MUDA DE PALMEIRA,TIPO RABO-DE-RAPOSA (WO DYETIA BIFURCATA),JERIVA (SYAGRUS ROMANZ OFFIANA) OU SIMILAR,COM APROX. 2,50M ALT | D57: ='Orçamento-base'!K59 -> 1123.74 | E57: 0 | F57: =E57*D57 -> 0 | G57: 0 | H57: =G57*D57 -> 0 | I57: 0 | J57: =I57*D57 -> 0 | K57: 0 | L57: =K57*D57 -> 0 | M57: 1 | N57: =M57*D57 -> 1123.74
B58: ='Orçamento-base'!C60 -> 8.2 | C58: ='Orçamento-base'!G60 -> Especies vegetais com altura de (0,40 a 1,50)m, tipo Strelitzia Reginae (Flor Ave do Paraiso), Philodendron Undulatum (Guaimbe da Folha Ondulada) ou similar e considerando 8 mudas por m2. Fornecimento. | D58: ='Orçamento-base'!K60 -> 32856.85 | E58: 0 | F58: =E58*D58 -> 0 | G58: 0 | H58: =G58*D58 -> 0 | I58: 0 | J58: =I58*D58 -> 0 | K58: 0 | L58: =K58*D58 -> 0 | M58: 1 | N58: =M58*D58 -> 32856.85
B59: ='Orçamento-base'!C61 -> 8.3 | C59: ='Orçamento-base'!G61 -> Planta - Jabuticabeira enxertada (myrciaria cauliflora), h=3,00m, fornecimento e plantio | D59: ='Orçamento-base'!K61 -> 1958.42 | E59: 0 | F59: =E59*D59 -> 0 | G59: 0 | H59: =G59*D59 -> 0 | I59: 0 | J59: =I59*D59 -> 0 | K59: 0 | L59: =K59*D59 -> 0 | M59: 1 | N59: =M59*D59 -> 1958.42
B60: ='Orçamento-base'!C62 -> 8.4 | C60: ='Orçamento-base'!G62 -> Muda de palmeira ravenala, h=1,50 m, fornecimento e plantio | D60: ='Orçamento-base'!K62 -> 864.6 | E60: 0 | F60: =E60*D60 -> 0 | G60: 0 | H60: =G60*D60 -> 0 | I60: 0 | J60: =I60*D60 -> 0 | K60: 0 | L60: =K60*D60 -> 0 | M60: 1 | N60: =M60*D60 -> 864.6
B61: ='Orçamento-base'!C63 -> 8.5 | C61: ='Orçamento-base'!G63 -> Casca de pinus, fornecimento e colocação | D61: ='Orçamento-base'!K63 -> 3057.19 | E61: 0 | F61: =E61*D61 -> 0 | G61: 0 | H61: =G61*D61 -> 0 | I61: 0 | J61: =I61*D61 -> 0 | K61: 0 | L61: =K61*D61 -> 0 | M61: 1 | N61: =M61*D61 -> 3057.19
B62: ='Orçamento-base'!C64 -> 9 | C62: ='Orçamento-base'!G64 -> Escadas e Guarda Corpo Espaço de Food Trucks | D62: ='Orçamento-base'!K64
B63: ='Orçamento-base'!C65 -> 9.1 | C63: ='Orçamento-base'!G65 -> ESCADA EM CONCRETO ARMADO MOLDADO IN LOCO, FCK 25 MPA, COM 1 LANCE E LAJE PLANA, FÔRMA EM CHAPA DE MADEIRA COMPENSADA RESINADA. AF_11/2020 | D63: ='Orçamento-base'!K65 -> 16190.54 | E63: 0 | F63: =E63*D63 -> 0 | G63: 0 | H63: =G63*D63 -> 0 | I63: 1 | J63: =I63*D63 -> 16190.54 | K63: 0 | L63: =K63*D63 -> 0 | M63: 0 | N63: =M63*D63 -> 0
B64: ='Orçamento-base'!C66 -> 9.2 | C64: ='Orçamento-base'!G66 -> GUARDA-CORPO DE AÇO GALVANIZADO DE 1,30M, MONTANTES TUBULARES DE 1.1/4" ESPAÇADOS 1,20M, TRAVESSA SUPERIOR DE 1.1/2", GRADIL FORMADO POR TUBOS HORIZONTAIS DE 1" E VERTICAIS DE 3/4", FIXADO COM ADESIVO ESTRUTURAL EPOXI. (BASE COMPOSIÇÃO SINAPI 99842) | D64: ='Orçamento-base'!K66 -> 29172.96 | E64: 0 | F64: =E64*D64 -> 0 | G64: 0 | H64: =G64*D64 -> 0 | I64: 0 | J64: =I64*D64 -> 0 | K64: 1 | L64: =K64*D64 -> 29172.96 | M64: 0 | N64: =M64*D64 -> 0
B65: ='Orçamento-base'!C67 -> 9.3 | C65: ='Orçamento-base'!G67 -> CORRIMÃO SIMPLES FIXADO NO PISO EM AÇO GALVANIZADO DE 1.1/2", MONTANTES TUBULARES 1.1/2" ESPAÇADOS DE 1,00M, FIXADO COM CHUMBADOR MECÂNICO. AF_10/2025 | D65: ='Orçamento-base'!K67 -> 5139.82 | E65: 0 | F65: =E65*D65 -> 0 | G65: 0 | H65: =G65*D65 -> 0 | I65: 0 | J65: =I65*D65 -> 0 | K65: 1 | L65: =K65*D65 -> 5139.82 | M65: 0 | N65: =M65*D65 -> 0
B66: ='Orçamento-base'!C68 -> 9.4 | C66: ='Orçamento-base'!G68 -> GUARDA-CORPO DE AÇO GALVANIZADO DE 1,30M, DUPLO CORRIMÃO, MONTANTES TUBULARES DE 1.1/4" ESPAÇADOS DE 1,20M, TRAVESSA SUPERIOR DE 1.1/2", GRADIL EM TUBOS HORIZONTAIS DE 1" E VERTICAIS DE 3/4", FIXADO COM ADESIVO ESTRUTURAL EPOXI. (BASE COMPOSIÇÃO SINAPI 99851) | D66: ='Orçamento-base'!K68 -> 6029.82 | E66: 0 | F66: =E66*D66 -> 0 | G66: 0 | H66: =G66*D66 -> 0 | I66: 0 | J66: =I66*D66 -> 0 | K66: 1 | L66: =K66*D66 -> 6029.82 | M66: 0 | N66: =M66*D66 -> 0
B67: ='Orçamento-base'!C69 -> 9.5 | C67: ='Orçamento-base'!G69 -> Tinta de aderencia epoxi-isocianato para superficies nao ferrosas tais como: aluminio, galvanizados, chumbo, ligas de cobre e niquel, bronze, ferro fundido e aco inox. Combativel com a tinta para isolamento eletrico | D67: ='Orçamento-base'!K69 -> 308.6 | E67: 0 | F67: =E67*D67 -> 0 | G67: 0 | H67: =G67*D67 -> 0 | I67: 0 | J67: =I67*D67 -> 0 | K67: 1 | L67: =K67*D67 -> 308.6 | M67: 0 | N67: =M67*D67 -> 0
B68: ='Orçamento-base'!C70 -> 9.6 | C68: ='Orçamento-base'!G70 -> PINTURA DUAS DEMAOS TINTA ESMALTE ACETINADO EM SUPERFICIE METALICA | D68: ='Orçamento-base'!K70 -> 1080.97 | E68: 0 | F68: =E68*D68 -> 0 | G68: 0 | H68: =G68*D68 -> 0 | I68: 0 | J68: =I68*D68 -> 0 | K68: 1 | L68: =K68*D68 -> 1080.97 | M68: 0 | N68: =M68*D68 -> 0
B69: TOTAL DAS MEDIÇÕES | E69: =SUM(F10:F55) -> 22189.72 | G69: =SUM(H10:H55) -> 53363.052 | I69: =SUM(J10:J68) -> 142080.43 | K69: =SUM(L10:L68) -> 315874.13 | M69: =SUM(N10:N68) -> 222013.7
B70: TOTAL DAS MEDIÇÕES ACUMULADAS | E70: =E69 -> 22189.72 | G70: =G69+E69 -> 75552.772 | I70: =G70+I69 -> 217633.2 | K70: =I70+K69 -> 533507.33 | M70: =K70+M69 -> 755521.03
C73: Valéria Wollmann
C74: Arquiteta e Urbanista | F74: ='Orçamento-base'!G73 -> Montenegro, 29 de maio de 2026.
C75: CAU A195685-0

Sheet DMT Aterro
B3: PREFEITURA MUNICIPAL DE MONTENEGRO
B4: SECRETARIA MUNICIPAL DE GESTÃO E PLANEJAMENTO
B5: DEPARTAMENTO DE DESENVOLVIMENTO DE PROJETOS
B7: OBRA: Praça Parque Centenário
B8: DISTÂNCIA MÉDIA DE TRANSPORTE
B9: DESCRIÇÃO DA DMT | C9: NOME DA EMPRESA | D9: ENDEREÇO | E9: LOCALIZAÇÃO | F9: Distância da obra
B10: Aterro de argila | C10: Alpendre Administradora de Ativos LTDA | D10: RS-124, n°724 - Estação, Montenegro - RS, 95780-000 | E10: https://www.google.com.br/maps/dir//RS-124+-+Santa+Rita,+Montenegro+-+RS,+95780-000/@-29.6934796,-51.5045819,710m/data=!3m1!1e3!4m8!4m7!1m0!1m5!1m1!1s0x951bfab000271bc5:0xc43332d17e16868e!2m2!1d-51.5043922!2d-29.694459 | F10: 6.3
C11: Comercio de Argila Chassot | D11: Estrada Selma Wallauer, 2572 - Faxinal, Montenegro - RS | E11: https://www.google.com.br/maps/place/Estr.+Selma+Wallauer,+2572+-+Faxinal,+Montenegro+-+RS,+95780-000/@-29.6486719,-51.4621909,870m/data=!3m1!1e3!4m5!3m4!1s0x951bfba62a03a23b:0x31dbbdc654bc8024!8m2!3d-29.6494909!4d-51.4630018 | F11: 3.5
C12: Britagem Montenegro Ltda | D12: Estrada Antônio Carlos Fernandes Rosa - Passo da Amora, Montenegro - RS, 92929-899. | E12: https://www.google.com.br/maps/place/Britagem+Montenegro+Construtora+Irm%C3%A3os+Carollo/@-29.748118,-51.4880132,16.5z/data=!4m5!3m4!1s0x951be55a638c76dd:0x558f148ea09f4164!8m2!3d-29.7478186!4d-51.4895447 | F12: 14.1
C13: Mineração Vera Cruz Montenegro | D13: Endereço, Estr. da Pedreira, 361 - Passo da Serra, Montenegro - RS, 92929-899. | E13: https://www.google.com/maps/place/Minera%C3%A7%C3%A3o+Vera+Cruz+Montenegro/@-29.6894453,-51.5002336,15z/data=!4m5!3m4!1s0x0:0x2df6c1498d1d8664!8m2!3d-29.6894453!4d-51.5002336 | F13: 6.1
C14: Pedreira Vila Rica | D14: BR-386 Km 414 Vendinha, Montenegro - RS, 92532-000. | E14: https://www.google.com.br/maps/place/Pedreira+Vila+Rica/@-29.8126075,-51.4816198,1193m/data=!3m1!1e3!4m5!3m4!1s0x951be7ad191a1dd7:0xee65ef302a9602cd!8m2!3d-29.8140217!4d-51.4813049 | F14: 29.7
E15: MÉDIA | F15: =(F10+F11+F12+F13+F14)/5 -> 11.94

Sheet DMT Brita
B3: PREFEITURA MUNICIPAL DE MONTENEGRO
B4: SECRETARIA MUNICIPAL DE GESTÃO E PLANEJAMENTO
B5: DEPARTAMENTO DE DESENVOLVIMENTO DE PROJETOS
B7: OBRA: Praça Parque Centenário
B8: DISTÂNCIA MÉDIA DE TRANSPORTE
B9: DESCRIÇÃO DA DMT | C9: NOME DA EMPRESA | D9: ENDEREÇO | E9: LOCALIZAÇÃO | F9: Distância da obra
B10: Brita/Rachão/BBG/Macadame | C10: Mineração Vera Cruz Montenegro | D10: Endereço, Estr. da Pedreira, 361 - Passo da Serra, Montenegro - RS, 92929-899. | E10: https://www.google.com/maps/place/Minera%C3%A7%C3%A3o+Vera+Cruz+Montenegro/@-29.6894453,-51.5002336,15z/data=!4m5!3m4!1s0x0:0x2df6c1498d1d8664!8m2!3d-29.6894453!4d-51.5002336 | F10: 6.1
C11: Britagem Montenegro Ltda | D11: Estrada Antônio Carlos Fernandes Rosa - Passo da Amora, Montenegro - RS, 92929-899. | E11: https://www.google.com.br/maps/place/Britagem+Montenegro+Construtora+Irm%C3%A3os+Carollo/@-29.748118,-51.4880132,16.5z/data=!4m5!3m4!1s0x951be55a638c76dd:0x558f148ea09f4164!8m2!3d-29.7478186!4d-51.4895447 | F11: 14.1
C12: Pedreira Vila Rica | D12: BR-386 Km 414 Vendinha, Montenegro - RS, 92532-000. | E12: https://www.google.com.br/maps/place/Pedreira+Vila+Rica/@-29.8126075,-51.4816198,1193m/data=!3m1!1e3!4m5!3m4!1s0x951be7ad191a1dd7:0xee65ef302a9602cd!8m2!3d-29.8140217!4d-51.4813049 | F12: 29.7
E13: Média | F13: =(F10+F11+F12)/3 -> 16.633333

Sheet CPUs
C1: Composições Analíticas com Preço Unitário | E1: Bancos
C2: Nova praça do Parque Centenário | E2: SINAPI - 04/2026 - Rio Grande do Sul SBC - 05/2026 - Rio Grande do Sul SICRO3 - 01/2026 - Rio Grande do Sul ORSE - 02/2026 - Sergipe EMOP - 02/2026 - Rio de Janeiro SCO - 02/2026 - Rio de Janeiro
A4: Composições Analíticas com Preço Unitário
A5: 1.9 | B5: Código | C5: Banco | D5: Descrição | E5: Tipo | G5: Und | H5: Quant. | I5: Valor Unit | J5: Total
A6: Composição | B6: PRÓPRIA A | C6: Próprio | D6: ISOLAMENTO DE OBRA COM TELA PLÁSTICA | G6: M | H6: 1 | I6: 12.36 | J6: 12.36
A7: Composição Auxiliar | B7: 88316 | C7: SINAPI | D7: SERVENTE COM ENCARGOS COMPLEMENTARES | E7: Livro SINAPI: Cálculos e Parâmetros | G7: H | H7: 0.08 | I7: 23.48 | J7: 1.87
A8: Insumo | B8: 00004491 | C8: SINAPI | D8: PONTALETE *7,5 X 7,5* CM EM PINUS, MISTA OU EQUIVALENTE DA REGIAO - BRUTA | E8: Material | G8: M | H8: 1 | I8: 7.19 | J8: 7.19
A9: Insumo | B9: 00037524 | C9: SINAPI | D9: TELA PLASTICA LARANJA, TIPO TAPUME PARA SINALIZACAO, MALHA RETANGULAR, ROLO 1.20 X 50 M (L X C) | E9: Material | G9: M | H9: 1 | I9: 3.3 | J9: 3.3
E10: MO sem LS => | F10: 1.35 | G10: LS => | H10: 0 | I10: MO com LS => | J10: 1.35
E11: Valor do BDI => | F11: 0 | H11: Valor com BDI => | J11: 12.36
A13: 2.1 | B13: Código | C13: Banco | D13: Descrição | E13: Tipo | G13: Und | H13: Quant. | I13: Valor Unit | J13: Total
A14: Composição | B14: DRENO 1 | C14: Próprio | D14: DRENO (SEÇÃO 0,50 X 0,50 M), COM 1 TUBO DE PEAD CORRUGADO PERFURADO, DN 160 MM, ENCHIMENTO COM BRITA 3, ENVOLVIDO COM MANTA GEOTÊXTIL, COM SELO DE AREIA MÉDIA. (Base 102680) | E14: Drenos | G14: M | H14: 1 | I14: 100.14 | J14: 100.14
A15: Composição Auxiliar | B15: 93379 | C15: SINAPI | D15: REATERRO MECANIZADO DE VALA COM RETROESCAVADEIRA (CAPACIDADE DA CAÇAMBA DA RETRO: 0,26 M³/POTÊNCIA: 88 HP), LARGURA 0,8 A 1,5 M, PROFUNDIDADE ATÉ 1,5 M, COM SOLO (SEM SUBSTITUIÇÃO) DE 1ª CATEGORIA, COM COMPACTADOR DE SOLOS DE PERCUSSÃO AF_08/2023 | E15: Aterro e Reaterro de Valas | G15: m³ | H15: 0.15 | I15: 20.29 | J15: 3.04
A16: Composição Auxiliar | B16: 88316 | C16: SINAPI | D16: SERVENTE COM ENCARGOS COMPLEMENTARES | E16: Livro SINAPI: Cálculos e Parâmetros | G16: H | H16: 0.24 | I16: 23.48 | J16: 5.63
A17: Composição Auxiliar | B17: 88309 | C17: SINAPI | D17: PEDREIRO COM ENCARGOS COMPLEMENTARES | E17: Livro SINAPI: Cálculos e Parâmetros | G17: H | H17: 0.12 | I17: 28.14 | J17: 3.37
A18: Composição Auxiliar | B18: 90106 | C18: SINAPI | D18: ESCAVAÇÃO MECANIZADA DE VALA COM PROFUNDIDADE ATÉ 1,5 M (MÉDIA MONTANTE E JUSANTE/UMA COMPOSIÇÃO POR TRECHO), RETROESCAV. (0,26 M3), LARGURA DE 0,8 M A 1,5 M, EM SOLO DE 1A CATEGORIA, LOCAIS COM BAIXO NÍVEL DE INTERFERÊNCIA. AF_09/2024 | E18: Escavação de Valas | G18: m³ | H18: 0.4 | I18: 8.69 | J18: 3.47
A19: Composição Auxiliar | B19: 5915407 | C19: SICRO3 | D19: Carga, manobra e descarga de agregados ou solos em caminhão basculante de 10 m³ - carga com carregadeira de 3,40 m³ e descarga livre | G19: t | H19: 0.3315 | I19: 3 | J19: 0.99
A20: Insumo | B20: 00038053 | C20: SINAPI | D20: TUBO DRENO, CORRUGADO, ESPIRALADO, FLEXIVEL, PERFURADO, EM POLIETILENO DE ALTA DENSIDADE (PEAD), DN *160* MM, (6") PARA DRENAGEM - EM BARRA (NORMA DNIT 093/2006 - EM) | E20: Material | G20: M | H20: 1 | I20: 23.9 | J20: 23.9
A21: Insumo | B21: 00000370 | C21: SINAPI | D21: AREIA MEDIA - POSTO JAZIDA/FORNECEDOR (RETIRADO NA JAZIDA, SEM TRANSPORTE) | E21: Material | G21: m³ | H21: 0.125 | I21: 95 | J21: 11.87
A22: Insumo | B22: 00004722 | C22: SINAPI | D22: PEDRA BRITADA N. 3 (38 A 50 MM) POSTO PEDREIRA/FORNECEDOR, SEM FRETE | E22: Material | G22: m³ | H22: 0.25 | I22: 93.28 | J22: 23.32
A23: Insumo | B23: 00004021 | C23: SINAPI | D23: GEOTEXTIL NAO TECIDO AGULHADO DE FILAMENTOS CONTINUOS 100% POLIESTER, RESITENCIA A TRACAO = 14 KN/M | E23: Material | G23: m² | H23: 2.4 | I23: 10.23 | J23: 24.55
E24: MO sem LS => | F24: 9.1 | G24: LS => | H24: 0 | I24: MO com LS => | J24: 9.1
E25: Valor do BDI => | F25: 0 | H25: Valor com BDI => | J25: 100.14
A27: 5.1 | B27: Código | C27: Banco | D27: Descrição | E27: Tipo | G27: Und | H27: Quant. | I27: Valor Unit | J27: Total
A28: Composição | B28: COMP_47 | C28: Próprio | D28: BANCO EM CONCRETO ARMADO 0,6X3X0,45 | E28: INES - INSTALAÇÕES ESPECIAIS | G28: unid | H28: 1 | I28: 1988.76 | J28: 1988.76
A29: Composição Auxiliar | B29: 102488 | C29: SINAPI | D29: PREPARO DO PISO CIMENTADO PARA PINTURA - LIXAMENTO E LIMPEZA. AF_05/2021 | E29: Pintura para Pisos e para Sinalização Horizontal e Vertical | G29: m² | H29: 7.7 | I29: 3.72 | J29: 28.64
A30: Composição Auxiliar | B30: 92510 | C30: SINAPI | D30: MONTAGEM E DESMONTAGEM DE FÔRMA DE LAJE MACIÇA, PÉ-DIREITO SIMPLES, EM CHAPA DE MADEIRA COMPENSADA RESINADA, 2 UTILIZAÇÕES. AF_09/2020 | E30: Fôrmas para Estruturas de Concreto Armado | G30: m² | H30: 7.7 | I30: 75.24 | J30: 579.34
A31: Composição Auxiliar | B31: 95445 | C31: SINAPI | D31: CORTE E DOBRA DE AÇO CA-60, DIÂMETRO DE 5,0 MM, UTILIZADO EM ESTRIBO CONTÍNUO HELICOIDAL. AF_09/2021 | E31: FUES - FUNDAÇÕES E ESTRUTURAS | G31: KG | H31: 7.21 | I31: 8.41 | J31: 60.63
A32: Composição Auxiliar | B32: 98554 | C32: SINAPI | D32: IMPERMEABILIZAÇÃO DE SUPERFÍCIE COM MEMBRANA À BASE DE RESINA ACRÍLICA, 3 DEMÃOS. AF_09/2023 | E32: Impermeabilização, Proteção Mecânica e Tratamento de Junta | G32: m² | H32: 7.7 | I32: 48.12 | J32: 370.52
A33: Composição Auxiliar | B33: 96557 | C33: SINAPI | D33: CONCRETAGEM DE BLOCO DE COROAMENTO OU VIGA BALDRAME, FCK 30 MPA, COM USO DE BOMBA - LANÇAMENTO, ADENSAMENTO E ACABAMENTO. AF_01/2024 | E33: Fundações Rasas (Blocos, Sapatas, Vigas Baldrame) | G33: m³ | H33: 0.84 | I33: 762.72 | J33: 640.68
A34: Composição Auxiliar | B34: 92917 | C34: SINAPI | D34: ARMAÇÃO DE ESTRUTURAS DIVERSAS DE CONCRETO ARMADO, EXCETO VIGAS, PILARES, LAJES E FUNDAÇÕES, UTILIZANDO AÇO CA-50 DE 8,0 MM - MONTAGEM. AF_06/2022 | E34: Armação para Estruturas de Concreto Armado | G34: KG | H34: 23.23 | I34: 13.3 | J34: 308.95
E35: MO sem LS => | F35: 356.87 | G35: LS => | H35: 0 | I35: MO com LS => | J35: 356.87
E36: Valor do BDI => | F36: 0 | H36: Valor com BDI => | J36: 1988.76
A38: 5.2 | B38: Código | C38: Banco | D38: Descrição | E38: Tipo | G38: Und | H38: Quant. | I38: Valor Unit | J38: Total
A39: Composição | B39: COMP_48 | C39: Próprio | D39: MESA EM CONCRETO ARMADO 0,5X1,5X0,3 | E39: INES - INSTALAÇÕES ESPECIAIS | G39: unid | H39: 1 | I39: 525.72 | J39: 525.72
A40: Composição Auxiliar | B40: 102488 | C40: SINAPI | D40: PREPARO DO PISO CIMENTADO PARA PINTURA - LIXAMENTO E LIMPEZA. AF_05/2021 | E40: Pintura para Pisos e para Sinalização Horizontal e Vertical | G40: m² | H40: 4.06 | I40: 3.72 | J40: 15.1
A41: Composição Auxiliar | B41: 92510 | C41: SINAPI | D41: MONTAGEM E DESMONTAGEM DE FÔRMA DE LAJE MACIÇA, PÉ-DIREITO SIMPLES, EM CHAPA DE MADEIRA COMPENSADA RESINADA, 2 UTILIZAÇÕES. AF_09/2020 | E41: Fôrmas para Estruturas de Concreto Armado | G41: m² | H41: 1 | I41: 75.24 | J41: 75.24
A42: Composição Auxiliar | B42: 98554 | C42: SINAPI | D42: IMPERMEABILIZAÇÃO DE SUPERFÍCIE COM MEMBRANA À BASE DE RESINA ACRÍLICA, 3 DEMÃOS. AF_09/2023 | E42: Impermeabilização, Proteção Mecânica e Tratamento de Junta | G42: m² | H42: 4.06 | I42: 48.12 | J42: 195.36
A43: Composição Auxiliar | B43: 92917 | C43: SINAPI | D43: ARMAÇÃO DE ESTRUTURAS DIVERSAS DE CONCRETO ARMADO, EXCETO VIGAS, PILARES, LAJES E FUNDAÇÕES, UTILIZANDO AÇO CA-50 DE 8,0 MM - MONTAGEM. AF_06/2022 | E43: Armação para Estruturas de Concreto Armado | G43: KG | H43: 3.41 | I43: 13.3 | J43: 45.35
A44: Composição Auxiliar | B44: 95445 | C44: SINAPI | D44: CORTE E DOBRA DE AÇO CA-60, DIÂMETRO DE 5,0 MM, UTILIZADO EM ESTRIBO CONTÍNUO HELICOIDAL. AF_09/2021 | E44: FUES - FUNDAÇÕES E ESTRUTURAS | G44: KG | H44: 2.29 | I44: 8.41 | J44: 19.25
A45: Composição Auxiliar | B45: 96557 | C45: SINAPI | D45: CONCRETAGEM DE BLOCO DE COROAMENTO OU VIGA BALDRAME, FCK 30 MPA, COM USO DE BOMBA - LANÇAMENTO, ADENSAMENTO E ACABAMENTO. AF_01/2024 | E45: Fundações Rasas (Blocos, Sapatas, Vigas Baldrame) | G45: m³ | H45: 0.23 | I45: 762.72 | J45: 175.42
E46: MO sem LS => | F46: 105.51 | G46: LS => | H46: 0 | I46: MO com LS => | J46: 105.51
E47: Valor do BDI => | F47: 0 | H47: Valor com BDI => | J47: 525.72
A49: 6.4 | B49: Código | C49: Banco | D49: Descrição | E49: Tipo | G49: Und | H49: Quant. | I49: Valor Unit | J49: Total
A50: Composição | B50: PRÓPRIA B | C50: Próprio | D50: INSTALAÇÃO DE BALIZADOR METÁLICO SOBRE BLOCO DE CONCRETO | G50: UN | H50: 1 | I50: 40.62 | J50: 40.62
A51: Composição Auxiliar | B51: 88316 | C51: SINAPI | D51: SERVENTE COM ENCARGOS COMPLEMENTARES | E51: Livro SINAPI: Cálculos e Parâmetros | G51: H | H51: 0.5787 | I51: 23.48 | J51: 13.58
A52: Composição Auxiliar | B52: 88309 | C52: SINAPI | D52: PEDREIRO COM ENCARGOS COMPLEMENTARES | E52: Livro SINAPI: Cálculos e Parâmetros | G52: H | H52: 0.8681 | I52: 28.14 | J52: 24.42
A53: Composição Auxiliar | B53: 102486 | C53: SINAPI | D53: CONCRETO FCK = 15MPA, TRAÇO 1:3,4:3,4 (EM MASSA SECA DE CIMENTO/ AREIA MÉDIA/ SEIXO ROLADO) - PREPARO MANUAL. AF_05/2021 | E53: Produção de Concreto | G53: m³ | H53: 0.0038 | I53: 682.25 | J53: 2.59
A54: Insumo | B54: 00004721 | C54: SINAPI | D54: PEDRA BRITADA N. 1 (9,5 A 19 MM) POSTO PEDREIRA/FORNECEDOR, SEM FRETE | E54: Material | G54: m³ | H54: 0.0004 | I54: 98.75 | J54: 0.03
E55: MO sem LS => | F55: 28.84 | G55: LS => | H55: 0 | I55: MO com LS => | J55: 28.84
E56: Valor do BDI => | F56: 0 | H56: Valor com BDI => | J56: 40.62
A58: 9.2 | B58: Código | C58: Banco | D58: Descrição | E58: Tipo | G58: Und | H58: Quant. | I58: Valor Unit | J58: Total
A59: Composição | B59: GUARDA CORPO 1,3M | C59: Próprio | D59: GUARDA-CORPO DE AÇO GALVANIZADO DE 1,30M, MONTANTES TUBULARES DE 1.1/4" ESPAÇADOS 1,20M, TRAVESSA SUPERIOR DE 1.1/2", GRADIL FORMADO POR TUBOS HORIZONTAIS DE 1" E VERTICAIS DE 3/4", FIXADO COM ADESIVO ESTRUTURAL EPOXI. (BASE COMPOSIÇÃO SINAPI 99842) | E59: Guarda-Corpo, Corrimão e Grade para Esquadrias | G59: M | H59: 1 | I59: 540.85 | J59: 540.85
A60: Composição Auxiliar | B60: 88251 | C60: SINAPI | D60: AUXILIAR DE SERRALHEIRO COM ENCARGOS COMPLEMENTARES | E60: Livro SINAPI: Cálculos e Parâmetros | G60: H | H60: 2.8217 | I60: 24.64 | J60: 69.52
A61: Composição Auxiliar | B61: 88315 | C61: SINAPI | D61: SERRALHEIRO COM ENCARGOS COMPLEMENTARES | E61: Livro SINAPI: Cálculos e Parâmetros | G61: H | H61: 3.9713 | I61: 27.94 | J61: 110.95
A62: Insumo | B62: 00021012 | C62: SINAPI | D62: TUBO ACO GALVANIZADO COM COSTURA, CLASSE LEVE, DN 40 MM (1 1/2"), E = 3,00 MM, *3,48* KG/M (NBR 5580) | E62: Material | G62: M | H62: 1.0545 | I62: 52.71 | J62: 55.58
A63: Insumo | B63: 00011002 | C63: SINAPI | D63: ELETRODO REVESTIDO AWS - E6013, DIAMETRO IGUAL A 2,50 MM | E63: Material | G63: KG | H63: 0.0625 | I63: 59.13 | J63: 3.69
A64: Insumo | B64: 00021010 | C64: SINAPI | D64: TUBO ACO GALVANIZADO COM COSTURA, CLASSE LEVE, DN 25 MM (1"), E = 2,65 MM, *2,11* KG/M (NBR 5580) | E64: Material | G64: M | H64: 2.0739 | I64: 32.73 | J64: 67.87
A65: Insumo | B65: 00021009 | C65: SINAPI | D65: TUBO ACO GALVANIZADO COM COSTURA, CLASSE LEVE, DN 20 MM (3/4"), E = 2,25 MM, *1,3* KG/M (NBR 5580) | E65: Material | G65: M | H65: 6.4064 | I65: 24.38 | J65: 156.18
A66: Insumo | B66: 00021011 | C66: SINAPI | D66: TUBO ACO GALVANIZADO COM COSTURA, CLASSE LEVE, DN 32 MM (1 1/4"), E = 2,65 MM, *2,71* KG/M (NBR 5580) | E66: Material | G66: M | H66: 1.56 | I66: 47.7 | J66: 74.41
A67: Insumo | B67: 00000156 | C67: SINAPI | D67: ADESIVO ESTRUTURAL A BASE DE RESINA EPOXI, BICOMPONENTE, FLUIDO | E67: Material | G67: KG | H67: 0.0154 | I67: 53.88 | J67: 0.82
A68: Insumo | B68: 00011964 | C68: SINAPI | D68: PARAFUSO DE ACO ZINCADO, TIPO CHUMBADOR PARABOLT, DIAMETRO 3/8", COMPRIMENTO 75 MM | E68: Material | G68: UN | H68: 0.8333 | I68: 2.2 | J68: 1.83
E69: MO sem LS => | F69: 135.37 | G69: LS => | H69: 0 | I69: MO com LS => | J69: 135.37
E70: Valor do BDI => | F70: 0 | H70: Valor com BDI => | J70: 540.85
A72: 9.4 | B72: Código | C72: Banco | D72: Descrição | E72: Tipo | G72: Und | H72: Quant. | I72: Valor Unit | J72: Total
A73: Composição | B73: GUARDA CORPO 1,3M + CORRIMÃO | C73: Próprio | D73: GUARDA-CORPO DE AÇO GALVANIZADO DE 1,30M, DUPLO CORRIMÃO, MONTANTES TUBULARES DE 1.1/4" ESPAÇADOS DE 1,20M, TRAVESSA SUPERIOR DE 1.1/2", GRADIL EM TUBOS HORIZONTAIS DE 1" E VERTICAIS DE 3/4", FIXADO COM ADESIVO ESTRUTURAL EPOXI. (BASE COMPOSIÇÃO SINAPI 99851) | E73: Guarda-Corpo, Corrimão e Grade para Esquadrias | G73: M | H73: 1 | I73: 680.18 | J73: 680.18
A74: Composição Auxiliar | B74: 88251 | C74: SINAPI | D74: AUXILIAR DE SERRALHEIRO COM ENCARGOS COMPLEMENTARES | E74: Livro SINAPI: Cálculos e Parâmetros | G74: H | H74: 3.2786 | I74: 24.64 | J74: 80.78
A75: Composição Auxiliar | B75: 88315 | C75: SINAPI | D75: SERRALHEIRO COM ENCARGOS COMPLEMENTARES | E75: Livro SINAPI: Cálculos e Parâmetros | G75: H | H75: 4.6143 | I75: 27.94 | J75: 128.92
A76: Insumo | B76: 00021011 | C76: SINAPI | D76: TUBO ACO GALVANIZADO COM COSTURA, CLASSE LEVE, DN 32 MM (1 1/4"), E = 2,65 MM, *2,71* KG/M (NBR 5580) | E76: Material | G76: M | H76: 1.56 | I76: 47.7 | J76: 74.41
A77: Insumo | B77: 00044186 | C77: SINAPI | D77: BARRA DE ACO REDONDA LAMINADA, D = 1/2" (12,7 MM), 0,994 KG/M | E77: Material | G77: M | H77: 0.1988 | I77: 0 | J77: 0
A78: Insumo | B78: 00021009 | C78: SINAPI | D78: TUBO ACO GALVANIZADO COM COSTURA, CLASSE LEVE, DN 20 MM (3/4"), E = 2,25 MM, *1,3* KG/M (NBR 5580) | E78: Material | G78: M | H78: 6.4064 | I78: 24.38 | J78: 156.18
A79: Insumo | B79: 00011002 | C79: SINAPI | D79: ELETRODO REVESTIDO AWS - E6013, DIAMETRO IGUAL A 2,50 MM | E79: Material | G79: KG | H79: 0.0753 | I79: 59.13 | J79: 4.45
A80: Insumo | B80: 00044184 | C80: SINAPI | D80: CHUMBADOR PONTALETE, ACO GALVANIZADO, 1" X 1", APROX. 50 CM DE COMPRIMENTO, 1 BARRA DE 5/8", PARA GUARDA-CORPO / GRADIL / CORRIMAO | E80: Material | G80: UN | H80: 0.8333 | I80: 0 | J80: 0
A81: Insumo | B81: 00021010 | C81: SINAPI | D81: TUBO ACO GALVANIZADO COM COSTURA, CLASSE LEVE, DN 25 MM (1"), E = 2,65 MM, *2,11* KG/M (NBR 5580) | E81: Material | G81: M | H81: 2.0739 | I81: 32.73 | J81: 67.87
A82: Insumo | B82: 00021012 | C82: SINAPI | D82: TUBO ACO GALVANIZADO COM COSTURA, CLASSE LEVE, DN 40 MM (1 1/2"), E = 3,00 MM, *3,48* KG/M (NBR 5580) | E82: Material | G82: M | H82: 3.1636 | I82: 52.71 | J82: 166.75
A83: Insumo | B83: 00000156 | C83: SINAPI | D83: ADESIVO ESTRUTURAL A BASE DE RESINA EPOXI, BICOMPONENTE, FLUIDO | E83: Material | G83: KG | H83: 0.0154 | I83: 53.88 | J83: 0.82
E84: MO sem LS => | F84: 157.29 | G84: LS => | H84: 0 | I84: MO com LS => | J84: 157.29
E85: Valor do BDI => | F85: 0 | H85: Valor com BDI => | J85: 680.18

Sheet Tipo de Objeto x Familia
A1: Tipo de Objeto | B1: Código | C1: Família | D1: apoio1 | E1: apoio2 | F1: Tipo de Objeto | G1: Código Família | H1: Família
A2: Compras | B2: 2 | C2: equipamentos/materiais p/escritorio/escola/artes plasticas | D2: 1 | E2: =IF(A2=$F$2,B2,"") | F2: =IF(Identificação!$B$5=0,"",Identificação!$B$5) -> Obras e Serviços de Engenharia | G2: =IFERROR(SMALL($E$2:$E$250,D2),"") -> 7 | H2: =IFERROR(VLOOKUP(G2,#REF!,2,FALSE),"")
A3: Compras e Outros Serviços | B3: 2 | C3: equipamentos/materiais p/escritorio/escola/artes plasticas | D3: 2 | E3: =IF(A3=$F$2,B3,"") | G3: =IFERROR(SMALL($E$2:$E$250,D3),"") -> 8 | H3: =IFERROR(VLOOKUP(G3,#REF!,2,FALSE),"")
A4: Compras e Outros Serviços | B4: 3 | C4: servicos técnicos: projetos/auditorias/ consultorias/assessorias | D4: 3 | E4: =IF(A4=$F$2,B4,"") | G4: =IFERROR(SMALL($E$2:$E$250,D4),"") -> 9 | H4: =IFERROR(VLOOKUP(G4,#REF!,2,FALSE),"")
A5: Outros Serviços | B5: 3 | C5: servicos técnicos: projetos/auditorias/ consultorias/assessorias | D5: 4 | E5: =IF(A5=$F$2,B5,"") | G5: =IFERROR(SMALL($E$2:$E$250,D5),"") -> 10 | H5: =IFERROR(VLOOKUP(G5,#REF!,2,FALSE),"")
A6: Obras e Serviços de Engenharia | B6: 7 | C6: serviços de engenharia/obras: resíduos sólidos | D6: 5 | E6: =IF(A6=$F$2,B6,"") -> 7 | G6: =IFERROR(SMALL($E$2:$E$250,D6),"") -> 11 | H6: =IFERROR(VLOOKUP(G6,#REF!,2,FALSE),"")
A7: Obras e Serviços de Engenharia | B7: 8 | C7: serviços de engenharia/obras: edificações | D7: 6 | E7: =IF(A7=$F$2,B7,"") -> 8 | G7: =IFERROR(SMALL($E$2:$E$250,D7),"") -> 12 | H7: =IFERROR(VLOOKUP(G7,#REF!,2,FALSE),"")
A8: Obras e Serviços de Engenharia | B8: 9 | C8: serviços de engenharia/obras: rodovias, ferrovias e aeroportos | D8: 7 | E8: =IF(A8=$F$2,B8,"") -> 9 | G8: =IFERROR(SMALL($E$2:$E$250,D8),"") -> 13 | H8: =IFERROR(VLOOKUP(G8,#REF!,2,FALSE),"")
A9: Obras e Serviços de Engenharia | B9: 10 | C9: serviços de engenharia/obras: obras-de-arte-especiais | D9: 8 | E9: =IF(A9=$F$2,B9,"") -> 10 | G9: =IFERROR(SMALL($E$2:$E$250,D9),"") -> 14 | H9: =IFERROR(VLOOKUP(G9,#REF!,2,FALSE),"")
A10: Obras e Serviços de Engenharia | B10: 11 | C10: serviços de engenharia/obras: urbanização | D10: 9 | E10: =IF(A10=$F$2,B10,"") -> 11 | G10: =IFERROR(SMALL($E$2:$E$250,D10),"") -> 15 | H10: =IFERROR(VLOOKUP(G10,#REF!,2,FALSE),"")
A11: Obras e Serviços de Engenharia | B11: 12 | C11: serviços de engenharia/obras: infraestrutura de energia | D11: 10 | E11: =IF(A11=$F$2,B11,"") -> 12 | G11: =IFERROR(SMALL($E$2:$E$250,D11),"") -> 16 | H11: =IFERROR(VLOOKUP(G11,#REF!,2,FALSE),"")
A12: Obras e Serviços de Engenharia | B12: 13 | C12: serviços de engenharia/obras: saneamento | D12: 11 | E12: =IF(A12=$F$2,B12,"") -> 13 | G12: =IFERROR(SMALL($E$2:$E$250,D12),"") -> 17 | H12: =IFERROR(VLOOKUP(G12,#REF!,2,FALSE),"")
A13: Obras e Serviços de Engenharia | B13: 14 | C13: serviços de engenharia/obras: obras portuárias, marítimas e fluviais | D13: 12 | E13: =IF(A13=$F$2,B13,"") -> 14 | G13: =IFERROR(SMALL($E$2:$E$250,D13),"") | H13: =IFERROR(VLOOKUP(G13,#REF!,2,FALSE),"")
A14: Obras e Serviços de Engenharia | B14: 15 | C14: serviços de engenharia/obras: serviços especializados para construção | D14: 13 | E14: =IF(A14=$F$2,B14,"") -> 15 | G14: =IFERROR(SMALL($E$2:$E$250,D14),"") | H14: =IFERROR(VLOOKUP(G14,#REF!,2,FALSE),"")
... A250: Compras e Outros Serviços | B250: 990 | C250: produtos quimicos de limpeza/higiene | D250: 249 | E250: =IF(A250=$F$2,B250,"") | G250: =IFERROR(SMALL($E$2:$E$250,D250),"") | H250: =IFERROR(VLOOKUP(G250,#REF!,2,FALSE),"")
